Workbook
Name Carga: #REF!
Name CTA: PUC!$A$1:$A$2504
Name data: 'Asientos contables'!$A$2:$F$32
Name data2: 'Asientos contables'!$A$35:$F$61
Name data3: 'Asientos contables'!$A$64:$F$90
Name data4: 'Asientos contables'!$A$93:$F$119
Name PUC: PUC!$A$1:$D$2504

Sheet Presupuesto de Ingresos 
B2: CRECIMIENTO ANUAL COMEDORES POR TIPO
B3: Año | C3: Ventas proyectadas unidad/comedor | D3: 4 PUESTOS | F3: 6 PUESTOS
D4: Tela Tradicional | E4: Tela PET | F4: Tela Tradicional | G4: Tela PET
B5: 2025 | C5: 302.976 | D5: 164.81894 | E5: 41.204736 | F5: 77.561856 | G5: 19.390464
B6: 2026 | C6: 335.30475 | D6: 170.54941 | E6: 57.457822 | F6: 80.258545 | G6: 27.038975
B7: 2027 | C7: 390.37943 | D7: 177.32595 | E7: 88.13206 | F7: 83.447507 | G7: 41.473911
B8: 2028 | C8: 478.13428 | D8: 191.17721 | E8: 133.9541 | F8: 89.965747 | G8: 63.037224
B10: Precio por unidad | C10: TELAS | D10: PRECIO 4 PUESTOS | F10: PRECIO 6 PUESTOS
C11: Tela Tradicional | D11: 1100000 | F11: 1400000
C12: Tela PET | D12: 1210000 | F12: 1540000
B14: Presupuesto de Ingresos - ventas
B15: Año | C15: Precio total ventas | D15: 4 PUESTOS | F15: 6 PUESTOS
D16: Tela Tradicional | E16: Tela PET | F16: Tela Tradicional | G16: Tela PET
B17: 2025 | C17: =(D11*D5)+(E5*D12)+(F5*F11)+(G5*F12) -> 3.6960648e+08 | D17: =D5*$D$11 -> 1.8130084e+08 | E17: =E5*$D$12 -> 49857731 | F17: =F5*$F$11 -> 1.085866e+08 | G17: =G5*$F$12 -> 29861315
B18: 2026 | C18: =(D6*D11)+(E6*D12)+(F6*F11)+(G6*F12) -> 4.111303e+08 | D18: =D6*$D$11 -> 1.8760435e+08 | E18: =E6*$D$12 -> 69523965 | F18: =F6*$F$11 -> 1.1236196e+08 | G18: =G6*$F$12 -> 41640022
B19: 2027 | C19: =(D7*D11)+(E7*D12)+(F7*F11)+(G7*F12) -> 4.8239467e+08 | D19: =D7*$D$11 -> 1.9505855e+08 | E19: =E7*$D$12 -> 1.0663979e+08 | F19: =F7*$F$11 -> 1.1682651e+08 | G19: =G7*$F$12 -> 63869823
B20: 2028 | C20: =(D8*D11)+(E8*D12)+(F8*F11)+(G8*F12) -> 5.9540877e+08 | D20: =D8*$D$11 -> 2.1029493e+08 | E20: =E8*$D$12 -> 1.6208446e+08 | F20: =F8*$F$11 -> 1.2595205e+08 | G20: =G8*$F$12 -> 97077325
B22: Precio vidrio 4 puestos | C22: 70000
B23: Precio vidrio 6 puestos | C23: 90000
B24: Precio protectores | C24: 20000
B26: Presupuesto de Ingresos - productos complementarios
B27: Protecciones adicionales
B28: Vidrios protector para mesa.
B29: Protector Adhesivo para patas de sillas o mesas.
B30: Fruteros

Sheet 7.8 Proyeccion de ventas
A1: AÑO BASE (#1) | I1: PROYECCION VENTAS PERIODO (2025 A 2028)
A2: Mes | B2: Datos historicos | C2: 6 puestos | D2: 4 puestos | E2: % participación comedores 6 puestos | F2: % participación comedores 4 puestos | G2: % total de participacion | I2: Año | J2: Ventas proyectadas (unidades de comedor) | K2: cantidad comedores 6 puestos | L2: cantidad comedores 4 puestos
A3: 45383 | B3: =+C3+D3 -> 23 | C3: 8 | D3: 15 | E3: =C3/$B$15 -> 0.025974026 | F3: =D3/$B$15 -> 0.048701299 | G3: =SUM(E3:F3) -> 0.074675325 | I3: Año 1 Base 2024 | J3: =+B15 -> 308 | K3: =+J3*0.319 -> 98.252 | L3: =+J3*0.681 -> 209.748
A4: 45413 | B4: =+C4+D4 -> 27 | C4: 9 | D4: 18 | E4: =C4/$B$15 -> 0.029220779 | F4: =D4/$B$15 -> 0.058441558 | G4: =SUM(E4:F4) -> 0.087662338 | I4: 2025 | J4: =+(J3)*(1+0.052)^1 -> 324.016 | K4: =+J4*0.319 -> 103.3611 | L4: =+J4*0.681 -> 220.6549
A5: 45444 | B5: =+C5+D5 -> 25 | C5: 8 | D5: 17 | E5: =C5/$B$15 -> 0.025974026 | F5: =D5/$B$15 -> 0.055194805 | G5: =SUM(E5:F5) -> 0.081168831 | I5: 2026 | J5: =+(J4)*(1+0.052)^2 -> 358.5898 | K5: =+J5*0.319 -> 114.39015 | L5: =+J5*0.681 -> 244.19966
A6: 45474 | B6: =+C6+D6 -> 27 | C6: 9 | D6: 18 | E6: =C6/$B$15 -> 0.029220779 | F6: =D6/$B$15 -> 0.058441558 | G6: =SUM(E6:F6) -> 0.087662338 | I6: 2027 | J6: =+(J5)*(1+0.052)^3 -> 417.48911 | K6: =+J6*0.319 -> 133.17903 | L6: =+J6*0.681 -> 284.31009
A7: 45505 | B7: =+C7+D7 -> 25 | C7: 8 | D7: 17 | E7: =C7/$B$15 -> 0.025974026 | F7: =D7/$B$15 -> 0.055194805 | G7: =SUM(E7:F7) -> 0.081168831 | I7: 2028 | J7: =+(J6)*(1+0.052)^4 -> 511.33805 | K7: =+J7*0.319 -> 163.11684 | L7: =+J7*0.681 -> 348.22122
A8: 45536 | B8: =+C8+D8 -> 25 | C8: 7 | D8: 18 | E8: =C8/$B$15 -> 0.022727273 | F8: =D8/$B$15 -> 0.058441558 | G8: =SUM(E8:F8) -> 0.081168831
A9: 45566 | B9: =+C9+D9 -> 27 | C9: 9 | D9: 18 | E9: =C9/$B$15 -> 0.029220779 | F9: =D9/$B$15 -> 0.058441558 | G9: =SUM(E9:F9) -> 0.087662338
A10: 45597 | B10: =+C10+D10 -> 31 | C10: 9 | D10: 22 | E10: =C10/$B$15 -> 0.029220779 | F10: =D10/$B$15 -> 0.071428571 | G10: =SUM(E10:F10) -> 0.10064935
A11: 45627 | B11: =+C11+D11 -> 33 | C11: 10 | D11: 23 | E11: =C11/$B$15 -> 0.032467532 | F11: =D11/$B$15 -> 0.074675325 | G11: =SUM(E11:F11) -> 0.10714286
A12: 45658 | B12: =+C12+D12 -> 21 | C12: 7 | D12: 14 | E12: =C12/$B$15 -> 0.022727273 | F12: =D12/$B$15 -> 0.045454545 | G12: =SUM(E12:F12) -> 0.068181818
A13: 45689 | B13: 20 | C13: 5 | D13: 15 | E13: =C13/$B$15 -> 0.016233766 | F13: =D13/$B$15 -> 0.048701299 | G13: =SUM(E13:F13) -> 0.064935065
A14: 45717 | B14: =+C14+D14 -> 24 | C14: 8 | D14: 16 | E14: =C14/$B$15 -> 0.025974026 | F14: =D14/$B$15 -> 0.051948052 | G14: =SUM(E14:F14) -> 0.077922078
B15: =SUM(B3:B14) -> 308 | C15: =SUM(C3:C14) -> 97 | D15: =SUM(D3:D14) -> 211 | E15: =SUM(E3:E14) -> 0.31493506 | F15: =SUM(F3:F14) -> 0.68506494 | G15: =SUM(G3:G14) -> 1
A17: PROYECCION AÑO 2 2025 | E17: TELAS PET | G17: TELA TRADICIONAL | J17: PROYECCION AÑO 3 2026 | N17: TELAS PET | P17: TELA TRADICIONAL | S17: PROYECCION AÑO 4 2027 | W17: TELAS PET | Y17: TELA TRADICIONAL | AB17: PROYECCION AÑO 5 2028 | AF17: TELAS PET | AH17: TELA TRADICIONAL
A18: Mes | B18: Ventas proyectadas | C18: Unidades de comedores que seran tapizados con tela PET | D18: Unidades de comedores que seran tapizados con tela tradicional | E18: 6 Puestos | F18: 4 Puestos | G18: 6 Puestos | H18: 4 Puestos | J18: Mes | K18: Ventas proyectadas | L18: Unidades de comedores que seran tapizados con tela PET | M18: Unidades de comedores que seran tapizados con tela tradicional | N18: 6 Puestos | O18: 4 Puestos | P18: 6 Puestos | Q18: 4 Puestos | S18: Mes | T18: Ventas proyectadas | U18: Unidades de comedores que seran tapizados con tela PET | V18: Unidades de comedores que seran tapizados con tela tradicional | W18: 6 Puestos | X18: 4 Puestos | Y18: 6 Puestos | Z18: 4 Puestos | AB18: Mes | AC18: Ventas proyectadas | AD18: Unidades de comedores que seran tapizados con tela PET | AE18: Unidades de comedores que seran tapizados con tela tradicional | AF18: 6 Puestos | AG18: 4 Puestos | AH18: 6 Puestos | AI18: 4 Puestos
A19: 45748 | B19: =$J$4*G3 -> 24.196 | C19: =B19*$C$37 -> 4.8392 | D19: =B19-C19 -> 19.3568 | E19: =C19*0.32 -> 1.548544 | F19: =C19*0.68 -> 3.290656 | G19: =D19*0.32 -> 6.194176 | H19: =D19*0.68 -> 13.162624 | I19: =SUM(E19:H19) -> 24.196 | J19: 46113 | K19: =$J$5*G3 -> 26.77781 | L19: =K19*$C$37 -> 5.355562 | M19: =K19-L19 -> 21.422248 | N19: =L19*0.32 -> 1.7137798 | O19: =L19*0.68 -> 3.6417822 | P19: =M19*0.32 -> 6.8551194 | Q19: =M19*0.68 -> 14.567129 | S19: 46478 | T19: =$J$6*G3 -> 31.176135 | U19: =T19*$C$37 -> 6.235227 | V19: =T19-U19 -> 24.940908 | W19: =U19*0.32 -> 1.9952726 | X19: =U19*0.68 -> 4.2399544 | Y19: =V19*0.32 -> 7.9810906 | Z19: =V19*0.68 -> 16.959818 | AB19: 46844 | AC19: =$J$7*G3 -> 38.184335 | AD19: =AC19*$C$37 -> 7.636867 | AE19: =AC19-AD19 -> 30.547468 | AF19: =AD19*0.32 -> 2.4437975 | AG19: =AD19*0.68 -> 5.1930696 | AH19: =AE19*0.32 -> 9.7751898 | AI19: =AE19*0.68 -> 20.772278
A20: 45778 | B20: =$J$4*G4 -> 28.404 | C20: =B20*$C$37 -> 5.6808 | D20: =B20-C20 -> 22.7232 | E20: =C20*0.32 -> 1.817856 | F20: =C20*0.68 -> 3.862944 | G20: =D20*0.32 -> 7.271424 | H20: =D20*0.68 -> 15.451776 | I20: =+H19/I19 -> 0.544 | J20: 46143 | K20: =$J$5*G4 -> 31.43482 | L20: =K20*$C$37 -> 6.2869641 | M20: =K20-L20 -> 25.147856 | N20: =L20*0.32 -> 2.0118285 | O20: =L20*0.68 -> 4.2751356 | P20: =M20*0.32 -> 8.047314 | Q20: =M20*0.68 -> 17.100542 | S20: 46508 | T20: =$J$6*G4 -> 36.598072 | U20: =T20*$C$37 -> 7.3196143 | V20: =T20-U20 -> 29.278457 | W20: =U20*0.32 -> 2.3422766 | X20: =U20*0.68 -> 4.9773377 | Y20: =V20*0.32 -> 9.3691063 | Z20: =V20*0.68 -> 19.909351 | AB20: 46874 | AC20: =$J$7*G4 -> 44.825089 | AD20: =AC20*$C$37 -> 8.9650178 | AE20: =AC20-AD20 -> 35.860071 | AF20: =AD20*0.32 -> 2.8688057 | AG20: =AD20*0.68 -> 6.0962121 | AH20: =AE20*0.32 -> 11.475223 | AI20: =AE20*0.68 -> 24.384849
A21: 45809 | B21: =$J$4*G5 -> 26.3 | C21: =B21*$C$37 -> 5.26 | D21: =B21-C21 -> 21.04 | E21: =C21*0.32 -> 1.6832 | F21: =C21*0.68 -> 3.5768 | G21: =D21*0.32 -> 6.7328 | H21: =D21*0.68 -> 14.3072 | I21: =G19/I19 -> 0.256 | J21: 46174 | K21: =$J$5*G5 -> 29.106315 | L21: =K21*$C$37 -> 5.821263 | M21: =K21-L21 -> 23.285052 | N21: =L21*0.32 -> 1.8628042 | O21: =L21*0.68 -> 3.9584589 | P21: =M21*0.32 -> 7.4512167 | Q21: =M21*0.68 -> 15.833835 | S21: 46539 | T21: =$J$6*G5 -> 33.887103 | U21: =T21*$C$37 -> 6.7774207 | V21: =T21-U21 -> 27.109683 | W21: =U21*0.32 -> 2.1687746 | X21: =U21*0.68 -> 4.6086461 | Y21: =V21*0.32 -> 8.6750985 | Z21: =V21*0.68 -> 18.434584 | AB21: 46905 | AC21: =$J$7*G5 -> 41.504712 | AD21: =AC21*$C$37 -> 8.3009424 | AE21: =AC21-AD21 -> 33.20377 | AF21: =AD21*0.32 -> 2.6563016 | AG21: =AD21*0.68 -> 5.6446409 | AH21: =AE21*0.32 -> 10.625206 | AI21: =AE21*0.68 -> 22.578563
A22: 45839 | B22: =$J$4*G6 -> 28.404 | C22: =B22*$C$37 -> 5.6808 | D22: =B22-C22 -> 22.7232 | E22: =C22*0.32 -> 1.817856 | F22: =C22*0.68 -> 3.862944 | G22: =D22*0.32 -> 7.271424 | H22: =D22*0.68 -> 15.451776 | J22: 46204 | K22: =$J$5*G6 -> 31.43482 | L22: =K22*$C$37 -> 6.2869641 | M22: =K22-L22 -> 25.147856 | N22: =L22*0.32 -> 2.0118285 | O22: =L22*0.68 -> 4.2751356 | P22: =M22*0.32 -> 8.047314 | Q22: =M22*0.68 -> 17.100542 | S22: 46569 | T22: =$J$6*G6 -> 36.598072 | U22: =T22*$C$37 -> 7.3196143 | V22: =T22-U22 -> 29.278457 | W22: =U22*0.32 -> 2.3422766 | X22: =U22*0.68 -> 4.9773377 | Y22: =V22*0.32 -> 9.3691063 | Z22: =V22*0.68 -> 19.909351 | AB22: 46935 | AC22: =$J$7*G6 -> 44.825089 | AD22: =AC22*$C$37 -> 8.9650178 | AE22: =AC22-AD22 -> 35.860071 | AF22: =AD22*0.32 -> 2.8688057 | AG22: =AD22*0.68 -> 6.0962121 | AH22: =AE22*0.32 -> 11.475223 | AI22: =AE22*0.68 -> 24.384849
A23: 45870 | B23: =$J$4*G7 -> 26.3 | C23: =B23*$C$37 -> 5.26 | D23: =B23-C23 -> 21.04 | E23: =C23*0.32 -> 1.6832 | F23: =C23*0.68 -> 3.5768 | G23: =D23*0.32 -> 6.7328 | H23: =D23*0.68 -> 14.3072 | J23: 46235 | K23: =$J$5*G7 -> 29.106315 | L23: =K23*$C$37 -> 5.821263 | M23: =K23-L23 -> 23.285052 | N23: =L23*0.32 -> 1.8628042 | O23: =L23*0.68 -> 3.9584589 | P23: =M23*0.32 -> 7.4512167 | Q23: =M23*0.68 -> 15.833835 | S23: 46600 | T23: =$J$6*G7 -> 33.887103 | U23: =T23*$C$37 -> 6.7774207 | V23: =T23-U23 -> 27.109683 | W23: =U23*0.32 -> 2.1687746 | X23: =U23*0.68 -> 4.6086461 | Y23: =V23*0.32 -> 8.6750985 | Z23: =V23*0.68 -> 18.434584 | AB23: 46966 | AC23: =$J$7*G7 -> 41.504712 | AD23: =AC23*$C$37 -> 8.3009424 | AE23: =AC23-AD23 -> 33.20377 | AF23: =AD23*0.32 -> 2.6563016 | AG23: =AD23*0.68 -> 5.6446409 | AH23: =AE23*0.32 -> 10.625206 | AI23: =AE23*0.68 -> 22.578563
A24: 45901 | B24: =$J$4*G8 -> 26.3 | C24: =B24*$C$37 -> 5.26 | D24: =B24-C24 -> 21.04 | E24: =C24*0.32 -> 1.6832 | F24: =C24*0.68 -> 3.5768 | G24: =D24*0.32 -> 6.7328 | H24: =D24*0.68 -> 14.3072 | J24: 46266 | K24: =$J$5*G8 -> 29.106315 | L24: =K24*$C$37 -> 5.821263 | M24: =K24-L24 -> 23.285052 | N24: =L24*0.32 -> 1.8628042 | O24: =L24*0.68 -> 3.9584589 | P24: =M24*0.32 -> 7.4512167 | Q24: =M24*0.68 -> 15.833835 | S24: 46631 | T24: =$J$6*G8 -> 33.887103 | U24: =T24*$C$37 -> 6.7774207 | V24: =T24-U24 -> 27.109683 | W24: =U24*0.32 -> 2.1687746 | X24: =U24*0.68 -> 4.6086461 | Y24: =V24*0.32 -> 8.6750985 | Z24: =V24*0.68 -> 18.434584 | AB24: 46997 | AC24: =$J$7*G8 -> 41.504712 | AD24: =AC24*$C$37 -> 8.3009424 | AE24: =AC24-AD24 -> 33.20377 | AF24: =AD24*0.32 -> 2.6563016 | AG24: =AD24*0.68 -> 5.6446409 | AH24: =AE24*0.32 -> 10.625206 | AI24: =AE24*0.68 -> 22.578563
A25: 45931 | B25: =$J$4*G9 -> 28.404 | C25: =B25*$C$37 -> 5.6808 | D25: =B25-C25 -> 22.7232 | E25: =C25*0.32 -> 1.817856 | F25: =C25*0.68 -> 3.862944 | G25: =D25*0.32 -> 7.271424 | H25: =D25*0.68 -> 15.451776 | J25: 46296 | K25: =$J$5*G9 -> 31.43482 | L25: =K25*$C$37 -> 6.2869641 | M25: =K25-L25 -> 25.147856 | N25: =L25*0.32 -> 2.0118285 | O25: =L25*0.68 -> 4.2751356 | P25: =M25*0.32 -> 8.047314 | Q25: =M25*0.68 -> 17.100542 | S25: 46661 | T25: =$J$6*G9 -> 36.598072 | U25: =T25*$C$37 -> 7.3196143 | V25: =T25-U25 -> 29.278457 | W25: =U25*0.32 -> 2.3422766 | X25: =U25*0.68 -> 4.9773377 | Y25: =V25*0.32 -> 9.3691063 | Z25: =V25*0.68 -> 19.909351 | AB25: 47027 | AC25: =$J$7*G9 -> 44.825089 | AD25: =AC25*$C$37 -> 8.9650178 | AE25: =AC25-AD25 -> 35.860071 | AF25: =AD25*0.32 -> 2.8688057 | AG25: =AD25*0.68 -> 6.0962121 | AH25: =AE25*0.32 -> 11.475223 | AI25: =AE25*0.68 -> 24.384849
A26: 45962 | B26: =$J$4*G10 -> 32.612 | C26: =B26*$C$37 -> 6.5224 | D26: =B26-C26 -> 26.0896 | E26: =C26*0.32 -> 2.087168 | F26: =C26*0.68 -> 4.435232 | G26: =D26*0.32 -> 8.348672 | H26: =D26*0.68 -> 17.740928 | J26: 46327 | K26: =$J$5*G10 -> 36.091831 | L26: =K26*$C$37 -> 7.2183662 | M26: =K26-L26 -> 28.873465 | N26: =L26*0.32 -> 2.3098772 | O26: =L26*0.68 -> 4.908489 | P26: =M26*0.32 -> 9.2395087 | Q26: =M26*0.68 -> 19.633956 | S26: 46692 | T26: =$J$6*G10 -> 42.020008 | U26: =T26*$C$37 -> 8.4040016 | V26: =T26-U26 -> 33.616007 | W26: =U26*0.32 -> 2.6892805 | X26: =U26*0.68 -> 5.7147211 | Y26: =V26*0.32 -> 10.757122 | Z26: =V26*0.68 -> 22.858884 | AB26: 47058 | AC26: =$J$7*G10 -> 51.465843 | AD26: =AC26*$C$37 -> 10.293169 | AE26: =AC26-AD26 -> 41.172675 | AF26: =AD26*0.32 -> 3.293814 | AG26: =AD26*0.68 -> 6.9993547 | AH26: =AE26*0.32 -> 13.175256 | AI26: =AE26*0.68 -> 27.997419
A27: 45992 | B27: =$J$4*G11 -> 34.716 | C27: =B27*$C$37 -> 6.9432 | D27: =B27-C27 -> 27.7728 | E27: =C27*0.32 -> 2.221824 | F27: =C27*0.68 -> 4.721376 | G27: =D27*0.32 -> 8.887296 | H27: =D27*0.68 -> 18.885504 | J27: 46357 | K27: =$J$5*G11 -> 38.420336 | L27: =K27*$C$37 -> 7.6840672 | M27: =K27-L27 -> 30.736269 | N27: =L27*0.32 -> 2.4589015 | O27: =L27*0.68 -> 5.2251657 | P27: =M27*0.32 -> 9.835606 | Q27: =M27*0.68 -> 20.900663 | S27: 46722 | T27: =$J$6*G11 -> 44.730976 | U27: =T27*$C$37 -> 8.9461953 | V27: =T27-U27 -> 35.784781 | W27: =U27*0.32 -> 2.8627825 | X27: =U27*0.68 -> 6.0834128 | Y27: =V27*0.32 -> 11.45113 | Z27: =V27*0.68 -> 24.333651 | AB27: 47088 | AC27: =$J$7*G11 -> 54.78622 | AD27: =AC27*$C$37 -> 10.957244 | AE27: =AC27-AD27 -> 43.828976 | AF27: =AD27*0.32 -> 3.5063181 | AG27: =AD27*0.68 -> 7.4509259 | AH27: =AE27*0.32 -> 14.025272 | AI27: =AE27*0.68 -> 29.803704
A28: 46023 | B28: =$J$4*G12 -> 22.092 | C28: =B28*$C$37 -> 4.4184 | D28: =B28-C28 -> 17.6736 | E28: =C28*0.32 -> 1.413888 | F28: =C28*0.68 -> 3.004512 | G28: =D28*0.32 -> 5.655552 | H28: =D28*0.68 -> 12.018048 | J28: 46388 | K28: =$J$5*G12 -> 24.449305 | L28: =K28*$C$37 -> 4.889861 | M28: =K28-L28 -> 19.559444 | N28: =L28*0.32 -> 1.5647555 | O28: =L28*0.68 -> 3.3251054 | P28: =M28*0.32 -> 6.259022 | Q28: =M28*0.68 -> 13.300422 | S28: 46753 | T28: =$J$6*G12 -> 28.465167 | U28: =T28*$C$37 -> 5.6930334 | V28: =T28-U28 -> 22.772133 | W28: =U28*0.32 -> 1.8217707 | X28: =U28*0.68 -> 3.8712627 | Y28: =V28*0.32 -> 7.2870827 | Z28: =V28*0.68 -> 15.485051 | AB28: 47119 | AC28: =$J$7*G12 -> 34.863958 | AD28: =AC28*$C$37 -> 6.9727917 | AE28: =AC28-AD28 -> 27.891167 | AF28: =AD28*0.32 -> 2.2312933 | AG28: =AD28*0.68 -> 4.7414983 | AH28: =AE28*0.32 -> 8.9251733 | AI28: =AE28*0.68 -> 18.965993
A29: 46054 | B29: =$J$4*G13 -> 21.04 | C29: =B29*$C$37 -> 4.208 | D29: =B29-C29 -> 16.832 | E29: =C29*0.32 -> 1.34656 | F29: =C29*0.68 -> 2.86144 | G29: =D29*0.32 -> 5.38624 | H29: =D29*0.68 -> 11.44576 | J29: 46419 | K29: =$J$5*G13 -> 23.285052 | L29: =K29*$C$37 -> 4.6570104 | M29: =K29-L29 -> 18.628042 | N29: =L29*0.32 -> 1.4902433 | O29: =L29*0.68 -> 3.1667671 | P29: =M29*0.32 -> 5.9609734 | Q29: =M29*0.68 -> 12.667068 | S29: 46784 | T29: =$J$6*G13 -> 27.109683 | U29: =T29*$C$37 -> 5.4219365 | V29: =T29-U29 -> 21.687746 | W29: =U29*0.32 -> 1.7350197 | X29: =U29*0.68 -> 3.6869168 | Y29: =V29*0.32 -> 6.9400788 | Z29: =V29*0.68 -> 14.747667 | AB29: 47150 | AC29: =$J$7*G13 -> 33.20377 | AD29: =AC29*$C$37 -> 6.640754 | AE29: =AC29-AD29 -> 26.563016 | AF29: =AD29*0.32 -> 2.1250413 | AG29: =AD29*0.68 -> 4.5157127 | AH29: =AE29*0.32 -> 8.5001651 | AI29: =AE29*0.68 -> 18.062851
A30: 46082 | B30: =$J$4*G14 -> 25.248 | C30: =B30*$C$37 -> 5.0496 | D30: =B30-C30 -> 20.1984 | E30: =C30*0.32 -> 1.615872 | F30: =C30*0.68 -> 3.433728 | G30: =D30*0.32 -> 6.463488 | H30: =D30*0.68 -> 13.734912 | I30: =H19/B31 -> 0.040623377 | J30: 46447 | K30: =$J$5*G14 -> 27.942063 | L30: =K30*$C$37 -> 5.5884125 | M30: =K30-L30 -> 22.35365 | N30: =L30*0.32 -> 1.788292 | O30: =L30*0.68 -> 3.8001205 | P30: =M30*0.32 -> 7.153168 | Q30: =M30*0.68 -> 15.200482 | S30: 46813 | T30: =$J$6*G14 -> 32.531619 | U30: =T30*$C$37 -> 6.5063238 | V30: =T30-U30 -> 26.025295 | W30: =U30*0.32 -> 2.0820236 | X30: =U30*0.68 -> 4.4243002 | Y30: =V30*0.32 -> 8.3280945 | Z30: =V30*0.68 -> 17.697201 | AC30: =$J$7*G14 -> 39.844524 | AD30: =AC30*$C$37 -> 7.9689047 | AE30: =AC30-AD30 -> 31.875619 | AF30: =AD30*0.32 -> 2.5500495 | AG30: =AD30*0.68 -> 5.4188552 | AH30: =AE30*0.32 -> 10.200198 | AI30: =AE30*0.68 -> 21.675421
B31: =SUM(B19:B30) -> 324.016 | C31: =SUM(C19:C30) -> 64.8032 | D31: =SUM(D19:D30) -> 259.2128 | E31: =SUM(E19:E30) -> 20.737024 | F31: =SUM(F19:F30) -> 44.066176 | G31: =SUM(G19:G30) -> 82.948096 | H31: =SUM(H19:H30) -> 176.2647 | K31: =SUM(K19:K30) -> 358.5898 | L31: =SUM(L19:L30) -> 71.717961 | M31: =SUM(M19:M30) -> 286.87184 | N31: =SUM(N19:N30) -> 22.949747 | O31: =SUM(O19:O30) -> 48.768213 | P31: =SUM(P19:P30) -> 91.79899 | Q31: =SUM(Q19:Q30) -> 195.07285 | T31: =SUM(T19:T30) -> 417.48911 | U31: =SUM(U19:U30) -> 83.497823 | V31: =SUM(V19:V30) -> 333.99129 | W31: =SUM(W19:W30) -> 26.719303 | X31: =SUM(X19:X30) -> 56.778519 | Y31: =SUM(Y19:Y30) -> 106.87721 | Z31: =SUM(Z19:Z30) -> 227.11408 | AC31: =SUM(AC19:AC30) -> 511.33805 | AD31: =SUM(AD19:AD30) -> 102.26761 | AE31: =SUM(AE19:AE30) -> 409.07044 | AF31: =SUM(AF19:AF30) -> 32.725635 | AG31: =SUM(AG19:AG30) -> 69.541975 | AH31: =SUM(AH19:AH30) -> 130.90254 | AI31: =SUM(AI19:AI30) -> 278.1679
E32: =E31*6 -> 124.42214 | F32: =F31*4 -> 176.2647 | G32: =G31*6 -> 497.68858 | H32: =H31*4 -> 705.05882 | I32: =SUM(E32:H32) -> 1503.4342 | N32: =N31*6 -> 137.69848 | O32: =O31*4 -> 195.07285 | P32: =P31*6 -> 550.79394 | Q32: =Q31*4 -> 780.29141 | R32: =SUM(N32:Q32) -> 1663.8567 | W32: =W31*6 -> 160.31582 | X32: =X31*4 -> 227.11408 | Y32: =Y31*6 -> 641.26328 | Z32: =Z31*4 -> 908.45631 | AA32: =SUM(W32:Z32) -> 1937.1495 | AF32: =AF31*6 -> 196.35381 | AG32: =AG31*4 -> 278.1679 | AH32: =AH31*6 -> 785.41525 | AI32: =AI31*4 -> 1112.6716 | AJ32: =SUM(AF32:AI32) -> 2372.6086
A33: RESUMEN PROYECCIONES VENTAS
F34: TELAS PET | H34: TELA TRADICIONAL
A35: Año | B35: Ventas proyectadas (unidades de comedor) | C35: % PET (CAGR) del 5,20 %.) | D35: Unidades de comedores que seran tapizados con tela PET | E35: Unidades de comedores que seran tapizados con tela tradicional | F35: 6 Puestos | G35: 4 Puestos | H35: 6 Puestos | I35: 4 Puestos
A36: Año Base 2024 | B36: =+J3 -> 308 | E36: =B36 -> 308 | H36: =+E36*0.32 -> 98.56 | I36: =+E36*0.6777 -> 208.7316
A37: 2025 | B37: =B31 -> 324.016 | C37: 0.2 | D37: =+B37*C37 -> 64.8032 | E37: =+B37-D37 -> 259.2128 | F37: =+D37*0.32 -> 20.737024 | G37: =+D37*0.68 -> 44.066176 | H37: =+E37*0.32 -> 82.948096 | I37: =+E37*0.68 -> 176.2647
A38: 2026 | B38: =K31 -> 358.5898 | C38: 0.252 | D38: =+B38*C38 -> 90.36463 | E38: =+B38-D38 -> 268.22517 | F38: =+D38*0.32 -> 28.916682 | G38: =+D38*0.68 -> 61.447949 | H38: =+E38*0.32 -> 85.832055 | I38: =+E38*0.68 -> 182.39312
A39: 2027 | B39: =T31 -> 417.48911 | C39: 0.332 | D39: =+B39*C39 -> 138.60639 | E39: =+B39-D39 -> 278.88273 | F39: =+D39*0.32 -> 44.354043 | G39: =+D39*0.68 -> 94.252342 | H39: =+E39*0.32 -> 89.242473 | I39: =+E39*0.68 -> 189.64025
A40: 2028 | B40: =AC31 -> 511.33805 | C40: 0.412 | D40: =+B40*C40 -> 210.67128 | E40: =+B40-D40 -> 300.66678 | F40: =+D40*0.32 -> 67.414809 | G40: =+D40*0.68 -> 143.25647 | H40: =+E40*0.32 -> 96.213368 | I40: =+E40*0.68 -> 204.45341
A43: Producto/comedor | B43: Cuatro puestos | C43: Seis puestos
A44: Tela traidiconal | B44: 1100000 | C44: 1400000
A45: Tela PET | B45: 1210000 | C45: 1540000

Sheet 9.6 Analisis Costos y Administ
B2: COSTO TOTAL MATERIA PRIMA POR SILLA
B3: Materia Prima | C3: Silla con Tela tradicional | D3: Silla con tela PET | F3: Costos Indirectos de materia prima
B4: Tela Tracional (metro) | C4: 30000 | D4: 0 | F4: Tornillo 1/2 * 8 | G4: 200
B5: Tela PET (metro) | C5: 0 | D5: 50000 | F5: Grapa | G5: =10000/20 -> 500
B6: Pegante | C6: =35000/20 -> 1750 | D6: =35000/20 -> 1750 | F6: Cincha | G6: =30000/20 -> 1500
B7: Espumas | C7: =(90000/12)+(40000/8) -> 12500 | D7: =(90000/12)+(40000/8) -> 12500 | F7: material lona | G7: 1000
B8: Esqueletos sillas pintados | C8: 50000 | D8: 50000 | F8: brioni | G8: 500
B9: Costo directo silla | C9: =SUM(C4:C8) -> 94250 | D9: =SUM(D4:D8) -> 114250 | F9: Hilo | G9: =12000/30 -> 400
B10: Costo Indirecto M.P por silla | C10: =+G10 -> 4100 | D10: =+G10 -> 4100 | F10: Costo de materia prima indirecta por silla | G10: =SUM(G3:G9) -> 4100
B11: Costo materia prima total por silla | C11: =SUM(C9:C10) -> 98350 | D11: =SUM(D9:D10) -> 118350
B14: COSTO MATERIA PRIMA POR TIPO DE COMEDOR
B15: TIPO | C15: 4 PUESTOS | E15: 6 PUESTOS
B16: CLASE | C16: Tela Tradicional | D16: Tela PET | E16: Tela Tradicional | F16: Tela PET
B17: Sillas | C17: =+C11*4 -> 393400 | D17: =+D11*4 -> 473400 | E17: =+C11*6 -> 590100 | F17: =+D11*6 -> 710100
B18: Mesa | C18: 240000 | D18: 240000 | E18: 255000 | F18: 255000
B19: Costo total de Materia Prima | C19: =SUM(C17:C18) -> 633400 | D19: =SUM(D17:D18) -> 713400 | E19: =SUM(E17:E18) -> 845100 | F19: =SUM(F17:F18) -> 965100
B21: CRECIMIENTO ANUAL COMEDORES POR TIPO
B22: Año | C22: Ventas proyectadas unidad/comedor | D22: 4 PUESTOS | F22: 6 PUESTOS
D23: Tela Tradicional | E23: Tela PET | F23: Tela Tradicional | G23: Tela PET
B24: 2025 | C24: =SUM(D24:G24) -> 324.27898 | D24: 176.2647 | E24: ='7.8 Proyeccion de ventas'!G37 -> 44.066176 | F24: 82.948096 | G24: 21
B25: 2026 | C25: =SUM(D25:G25) -> 359 | D25: 195 | E25: 49 | F25: 92 | G25: 23 | L25: $ venta 4 Puestos | M25: $ venta 6 puestos
B26: 2027 | C26: =SUM(D26:G26) -> 418 | D26: 227 | E26: 57 | F26: 107 | G26: 27 | K26: Tela tradicional | L26: 1100000 | M26: 1400000
B27: 2028 | C27: =SUM(D27:G27) -> 512 | D27: 278 | E27: 70 | F27: 131 | G27: 33 | K27: Tela PET | L27: 1210000 | M27: 1540000
B29: COSTO ANUAL COMEDORES POR TIPO | O29: TOTAL AÑO
B30: Año | C30: Cantidades Producidas | D30: 4 PUESTOS | F30: 6 PUESTOS | H30: TOTAL AÑO | J30: 2025 | K30: =D24*$L$26 -> 1.9389117e+08 | L30: =E24*$L$27 -> 53320073 | M30: =F24*$M$26 -> 1.1612733e+08 | N30: =G24*$M$27 -> 32340000 | O30: =SUM(K30:N30) -> 3.9567858e+08
D31: Tela Tradicional | E31: Tela PET | F31: Tela Tradicional | G31: Tela PET | J31: 2026 | K31: =D25*$L$26 -> 214500000 | L31: =E25*$L$27 -> 59290000 | M31: =F25*$M$26 -> 128800000 | N31: =G25*$M$27 -> 35420000 | O31: =SUM(K31:N31) -> 438010000
B32: 2025 | C32: =+C24 -> 324.27898 | D32: =+D24*C$19 -> 1.1164606e+08 | E32: =+E24*D$19 -> 31436810 | F32: =+F24*E$19 -> 70099436 | G32: =+G24*F$19 -> 20267100 | H32: =SUM(D32:G32) -> 2.3344941e+08 | J32: 2027 | K32: =D26*$L$26 -> 249700000 | L32: =E26*$L$27 -> 68970000 | M32: =F26*$M$26 -> 149800000 | N32: =G26*$M$27 -> 41580000 | O32: =SUM(K32:N32) -> 510050000
B33: 2026 | C33: =+C25 -> 359 | D33: =+D25*(C$19*1.05) -> 129688650 | E33: =+E25*(D$19*1.05) -> 36704430 | F33: =+F25*(E$19*1.05) -> 81636660 | G33: =+G25*(F$19*1.05) -> 23307165 | H33: =SUM(D33:G33) -> 271336905 | J33: 2028 | K33: =D27*$L$26 -> 305800000 | L33: =E27*$L$27 -> 84700000 | M33: =F27*$M$26 -> 183400000 | N33: =G27*$M$27 -> 50820000 | O33: =SUM(K33:N33) -> 624720000 | P33: =O33-G77-G86-G105 -> 22354773
B34: 2027 | C34: =+C26 -> 418 | D34: =+D26*(C$19*1.05) -> 150970890 | E34: =+E26*(D$19*1.05) -> 42696990 | F34: =+F26*(E$19*1.05) -> 94946985 | G34: =+G26*(F$19*1.05) -> 27360585 | H34: =SUM(D34:G34) -> 315975450 | P34: =+O33-P33 -> 6.0236523e+08
B35: 2028 | C35: =+C27 -> 512 | D35: =+D27*(C$19*1.05) -> 184889460 | E35: =+E27*(D$19*1.05) -> 52434900 | F35: =+F27*(E$19*1.05) -> 116243505 | G35: =+G27*(F$19*1.05) -> 33440715 | H35: =SUM(D35:G35) -> 387008580 | P35: =+P33/O33 -> 0.035783667
B37: COSTO MANO DE OBRA DIRECTA
B38: Trabajadores | C38: Salario Mensual | D38: Carga prestacional | E38: Total Costo Mano de Obra Mensual | F38: Total Mano de Obra Anual
B39: Año | C39: 2025
B40: Colaborador 1 | C40: 1800000 | D40: =+C40*K40 -> 1049400 | E40: =+C40+D40 -> 2849400 | F40: =+E40*12 -> 34192800 | J40: Carga Prestacional | K40: =8.5%+12%+9%+6.96%+21.84% -> 0.583
B41: Colaborador 2 | C41: 1800000 | D41: =+C41*K40 -> 1049400 | E41: =+C41+D41 -> 2849400 | F41: =+E41*12 -> 34192800 | J41: Incremento proyectado | K41: 0.05
E42: TOTAL AÑO | F42: =SUM(F40:F41) -> 68385600
B43: Año | C43: 2026
B44: Colaborador 1 | C44: =+C40*1.05 -> 1890000 | D44: =+C44*K40 -> 1101870 | E44: =+C44+D44 -> 2991870 | F44: =+E44*12 -> 35902440
B45: Colaborador 2 | C45: =+C41*1.05 -> 1890000 | D45: =+C45*K40 -> 1101870 | E45: =+C45+D45 -> 2991870 | F45: =+E45*12 -> 35902440
E46: TOTAL AÑO | F46: =SUM(F44:F45) -> 71804880
B47: Año | C47: 2027
B48: Colaborador 1 | C48: =+C44*1.05 -> 1984500 | D48: =+C48*K40 -> 1156963.5 | E48: =+C48+D48 -> 3141463.5 | F48: =+E48*12 -> 37697562
B49: Colaborador 2 | C49: =+C45*1.05 -> 1984500 | D49: =+C49*K40 -> 1156963.5 | E49: =+C49+D49 -> 3141463.5 | F49: =+E49*12 -> 37697562
E50: TOTAL AÑO | F50: =SUM(F48:F49) -> 75395124
B51: Año | C51: 2028
B52: Colaborador 1 | C52: =+C48*1.05 -> 2083725 | D52: =+C52*K40 -> 1214811.7 | E52: =+C52+D52 -> 3298536.7 | F52: =+E52*12 -> 39582440
B53: Colaborador 2 | C53: =+C49*1.05 -> 2083725 | D53: =+C53*K40 -> 1214811.7 | E53: =+C53+D53 -> 3298536.7 | F53: =+E53*12 -> 39582440
B54: Colaborador 3 | C54: =+C53 -> 2083725 | D54: =+D53 -> 1214811.7 | E54: =+C54+D54 -> 3298536.7 | F54: =+E54*12 -> 39582440
E55: TOTAL AÑO | F55: =SUM(F52:F54) -> 1.1874732e+08
B58: COSTOS INDIRECTOS DE FABRICACION
B59: Concepto | C59: Año | D59: 2025 | E59: 2026 | F59: 2027 | G59: 2028
B60: Alquiler bodega | D60: =1300000*12 -> 15600000 | E60: =D60*1.05 -> 16380000 | F60: =+E60*1.05 -> 17199000 | G60: =+F60*1.05 -> 18058950
B61: Servicios publicos
B62: Agua | D62: =40000*12 -> 480000 | E62: =+D62*1.05 -> 504000 | F62: =+E62*1.05 -> 529200 | G62: =+F62*1.05 -> 555660
B63: Luz | D63: =160000*12 -> 1920000 | E63: =+D63*1.05 -> 2016000 | F63: =+E63*1.05 -> 2116800 | G63: =+F63*1.05 -> 2222640
B64: Mantenimiento maquinaria y equipos | D64: 800000 | E64: =+D64*1.05 -> 840000 | F64: =+E64*1.05 -> 882000 | G64: =+F64*1.05 -> 926100
B65: EPP del personal
B66: Gafas | D66: =15000*12 -> 180000 | E66: =+D66*1.05 -> 189000 | F66: =+E66*1.05 -> 198450 | G66: =+F66*1.05 -> 208372.5
B67: Guantes | D67: =5000*12 -> 60000 | E67: =+D67*1.05 -> 63000 | F67: =+E67*1.05 -> 66150 | G67: =+F67*1.05 -> 69457.5
B68: Tapa oidos | D68: =2000*12 -> 24000 | E68: =+D68*1.05 -> 25200 | F68: =+E68*1.05 -> 26460 | G68: =+F68*1.05 -> 27783
B69: CIF/TOTAL | D69: =SUM(D66:D68,D62:D64,D60) -> 19064000 | E69: =SUM(E66:E68,E62:E63,E60) -> 19177200 | F69: =SUM(F66:F68,F62:F63,F60) -> 20136060 | G69: =SUM(G66:G68,G62:G63,G60) -> 21142863
B72: RESUMEN COSTO DE PRODUCCION ANUAL
D73: 2025 | E73: 2026 | F73: 2027 | G73: 2028
B74: COSTO TOTAL ANUAL MATERIA PRIMA | D74: =+H32-'10.1 Analisis de inversion'!C49 -> 2.1603545e+08 | E74: =+H33 -> 271336905 | F74: =+H34 -> 315975450 | G74: =+H35 -> 387008580
B75: COSTO ANUAL MANO DE OBRA | D75: =+F42 -> 68385600 | E75: =+F46 -> 71804880 | F75: =+F50 -> 75395124 | G75: =+F55 -> 1.1874732e+08
B76: COSTOS INDIRECTOS TOTAL ANUALES | D76: =+D69 -> 19064000 | E76: =+E69 -> 19177200 | F76: =+F69 -> 20136060 | G76: =+G69 -> 21142863
B77: COSTEO DE PRODUCCION ANUAL | D77: =SUM(D74:D76) -> 3.0348505e+08 | E77: =SUM(E74:E76) -> 362318985 | F77: =SUM(F74:F76) -> 411506634 | G77: =SUM(G74:G76) -> 5.2689876e+08
B80: GASTOS ADMINISTRATIVOS
B81: Concepto | C81: Año | D81: 2025 | E81: 2026 | F81: 2027 | G81: 2028
B82: Honorarios contables | D82: =500000*12 -> 6000000 | E82: =+D82*1.05 -> 6300000 | F82: =+E82*1.05 -> 6615000 | G82: =+F82*1.05 -> 6945750
B83: Tramites y licencias | D83: 170000 | E83: =+D83*1.05 -> 178500 | F83: =+E83*1.05 -> 187425 | G83: =+F83*1.05 -> 196796.25
B84: Servicio recarga extintor | D84: 30000 | E84: =+D84*1.05 -> 31500 | F84: =+E84*1.05 -> 33075 | G84: =+F84*1.05 -> 34728.75
B85: Gastos Bancarios | D85: 1650000 | E85: =+D85*1.05 -> 1732500 | F85: =+E85*1.05 -> 1819125 | G85: =+F85*1.05 -> 1910081.2
B86: TOTAL AÑO | D86: =SUM(D82:D85) -> 7850000 | E86: =SUM(E82:E85) -> 8242500 | F86: =SUM(F82:F85) -> 8654625 | G86: =SUM(G82:G85) -> 9087356.2
B88: GASTOS DE PUBLICIDAD
B89: Concepto | C89: Año | D89: 2025 | E89: 2026 | F89: 2027 | G89: 2028
B90: Publicidad y promocion | D90: =+'10.3 Presupuesto Egresos'!C14 -> 6148153 | E90: =+'10.3 Presupuesto Egresos'!D14 -> 6399249 | F90: =+'10.3 Presupuesto Egresos'!E14 -> 7752908 | G90: =+'10.3 Presupuesto Egresos'!F14 -> 9013109
B92: GASTOS DE VENTAS
B93: Trabajadores | C93: Salario Mensual | D93: Comisiones | E93: Carga prestacional | F93: Total Costo Mano de Obra Mensual | G93: Total Mano de Obra Anual
B94: Año | C94: 2025
B95: Vendedor | C95: 2650000 | D95: =(10000*C24)/12 -> 270232.48 | E95: =(C95+D95)*K40 -> 1702495.5 | F95: =SUM(C95:E95) -> 4622728 | G95: =+F95*12 -> 55472736
F96: TOTAL AÑO | G96: =SUM(G95:G95) -> 55472736
B97: Año | C97: 2026
B98: Vendedor | C98: =+C95*1.05 -> 2782500 | D98: =(10000*C25)/12 -> 299166.67 | E98: =+(C98+D98)*K40 -> 1796611.7 | F98: =SUM(C98:E98) -> 4878278.3 | G98: =+F98*12 -> 58539340
F99: TOTAL AÑO | G99: =SUM(G98:G98) -> 58539340
B100: Año | C100: 2027
B101: Vendedor | C101: =+C98*1.05 -> 2921625 | D101: =(10000*C26)/12 -> 348333.33 | E101: =+(C101+D101)*K40 -> 1906385.7 | F101: =SUM(C101:E101) -> 5176344 | G101: =+F101*12 -> 62116128
F102: TOTAL AÑO | G102: =SUM(G101:G101) -> 62116128
B103: Año | C103: 2028
B104: Vendedor | C104: =+C101*1.05 -> 3067706.2 | D104: =(10000*C27)/12 -> 426666.67 | E104: =+(C104+D104)*K40 -> 2037219.4 | F104: =SUM(C104:E104) -> 5531592.3 | G104: =+F104*12 -> 66379108
F105: TOTAL AÑO | G105: =SUM(G104:G104) -> 66379108
B108: RESUMEN GASTOS ADMINISTRATIVOS ANUAL
D109: 2025 | E109: 2026 | F109: 2027 | G109: 2028
B110: GASTOS ADMINISTRATIVOS Y DE VENTAS ANUAL | D110: =D86+D90 -> 13998153 | E110: =E86+E90 -> 14641749 | F110: =F86+F90 -> 16407533 | G110: =G86+G90 -> 18100465
B111: GASTOS DE PERSONAL ANUAL | D111: =G95 -> 55472736 | E111: =G98 -> 58539340 | F111: =G101 -> 62116128 | G111: =G104 -> 66379108
B112: TOTAL GASTOS ADMINISTRACIONE Y VENTAS ANUAL | D112: =SUM(D110:D111) -> 69470889 | E112: =SUM(E110:E111) -> 73181089 | F112: =SUM(F110:F111) -> 78523662 | G112: =SUM(G110:G111) -> 84479573
D115: =+D77+D112 -> 3.7295594e+08 | E115: =+E77+E112 -> 435500074 | F115: =+F77+F112 -> 4.900303e+08 | G115: =+G77+G112 -> 6.1137834e+08
D116: =+'10.3 Presupuesto Egresos'!C17 -> 3.7295594e+08 | E116: =+'10.3 Presupuesto Egresos'!D17 -> 435500074 | F116: =+'10.3 Presupuesto Egresos'!E17 -> 4.900303e+08 | G116: =+'10.3 Presupuesto Egresos'!F17 -> 6.1137834e+08
D117: =+D115-D116 -> 0

Sheet 10.1 Analisis de inversion
B2: Activos fijos productivos (maquinaria, herramientas). | F2: PROYECCION AÑO 2 2025 | J2: TELAS PET | L2: TELA TRADICIONAL
B3: Nombre del equipo | C3: Caracteristicas tecnicas | D3: Valor $ | F3: Mes | G3: Ventas proyectadas | H3: Unidades de comedores que seran tapizados con tela PET | I3: Unidades de comedores que seran tapizados con tela tradicional | J3: 6 Puestos | K3: 4 Puestos | L3: 6 Puestos | M3: 4 Puestos
B4: Compresor 120L | C4: 120 litros, 3,5 HP, 8 bar de presión, motor monofásico | D4: 2000000 | F4: 45748 | G4: 24.196 | H4: 4.8392 | I4: 19.3568 | J4: 1.548544 | K4: 3.290656 | L4: 6.194176 | M4: 13.162624
B5: Maquina de coser | C5: Brazo libre, puntada recta, motor 110V, velocidad 5000 rpm | D5: 1500000
B6: Taladro inalambrico | C6: 18V, 2 baterías de litio, torque regulable | D6: 700000 | J6: =J4*'9.6 Analisis Costos y Administ'!F19 -> 1494499.8 | K6: =K4*'9.6 Analisis Costos y Administ'!D19 -> 2347554 | L6: =L4*'9.6 Analisis Costos y Administ'!E19 -> 5234698.1 | M6: =M4*'9.6 Analisis Costos y Administ'!C19 -> 8337206 | N6: =SUM(J6:M6) -> 17413958
B7: taladro percutor | C7: 600W, velocidad variable, función percutora | D7: 150000
B8: Grapadora neumatica | C8: Presión 60-100 psi, carga rápida, compatible con grapas 80/10 | D8: 200000
B9: Pistola pegante neumatica | C9: Boquilla anti-goteo | D9: 80000
B10: Tijeras x3 | C10: Acero inoxidable, mango ergonómico, corte fino | D10: =30000*3 -> 90000
B11: Cuchillo x2 | C11: Cuerpo metálico, para corte de tapicería | D11: =10000*2 -> 20000
B12: Mesa corte | C12: Superficie MDF, estructura en madera | D12: 200000
B13: Mesa tapiceria | C13: Estructura reforzada, altura regulable, superficie acolchada | D13: 200000
B14: Caladora | C14: Motor 500W, velocidad variable, corte en madera y metal | D14: 200000
B15: Pulidora angular | C15: 1200W, disco 4,5", velocidad variable | D15: 200000
B16: Destornillador estrella x2 | C16: Punta PH2 magnética, mango antideslizante, acero tratado | D16: =10000*2 -> 20000
B17: Destornillador pala x2 | C17: Punta plana 5 mm, mango ergonómico, acero cromado | D17: =10000*2 -> 20000
B18: Pinza corta frio | C18: Acero de alta resistencia, mango aislado, corte de alambre | D18: 20000
B19: COSTO TOTAL ACTIVOS FIJOS PRODUCTIVOS | D19: =SUM(D4:D18) -> 5600000
B21: Activos fijos administrativos
B22: Computador | C22: 900000
B23: Tablero para pedidos | C23: 80000
B24: COSTO TOTAL ACTIVOS ADMINISTRATIVOS | C24: =SUM(C22:C23) -> 980000
E25: TELAS PET | G25: TELA TRADICIONAL
B26: Ventas proyectadas | C26: Unidades de comedores que seran tapizados con tela PET | D26: Unidades de comedores que seran tapizados con tela tradicional | E26: 6 Puestos | F26: 4 Puestos | G26: 6 Puestos | H26: 4 Puestos
B27: 28.404 | C27: =B27*20% -> 5.6808 | D27: =B27-C27 -> 22.7232 | E27: =C27*0.32 -> 1.817856 | F27: =C27*0.68 -> 3.862944 | G27: =D27*0.32 -> 7.271424 | H27: =D27*0.68 -> 15.451776
B28: 32.612 | C28: =B28*20% -> 6.5224 | D28: =B28-C28 -> 26.0896 | E28: =C28*0.32 -> 2.087168 | F28: =C28*0.68 -> 4.435232 | G28: =D28*0.32 -> 8.348672 | H28: =D28*0.68 -> 17.740928
B29: 34.716 | C29: =B29*20% -> 6.9432 | D29: =B29-C29 -> 27.7728 | E29: =C29*0.32 -> 2.221824 | F29: =C29*0.68 -> 4.721376 | G29: =D29*0.32 -> 8.887296 | H29: =D29*0.68 -> 18.885504
E31: Costos Indirectos de materia prima
B32: Silla con Tela tradicional | C32: Silla con tela PET | E32: Tornillo 1/2 * 8 | F32: 200 | H32: COSTO MATERIA PRIMA POR TIPO DE COMEDOR
B33: 30000 | C33: 0 | E33: Grapa | F33: =10000/20 -> 500 | H33: TIPO | I33: 4 PUESTOS | K33: 6 PUESTOS
B34: 0 | C34: 50000 | E34: Cincha | F34: =30000/20 -> 1500 | H34: CLASE | I34: Tela Tradicional | J34: Tela PET | K34: Tela Tradicional | L34: Tela PET
B35: =35000/20 -> 1750 | C35: =35000/20 -> 1750 | E35: material lona | F35: 1000 | H35: Sillas | I35: =+B40*4 -> 393400 | J35: =+C40*4 -> 473400 | K35: =+B40*6 -> 590100 | L35: =+C40*6 -> 710100
B36: =(90000/12)+(40000/8) -> 12500 | C36: =(90000/12)+(40000/8) -> 12500 | E36: brioni | F36: 500 | H36: Mesa | I36: 240000 | J36: 240000 | K36: 255000 | L36: 255000
B37: 50000 | C37: 50000 | E37: Hilo | F37: =12000/30 -> 400 | H37: Costo total de Materia Prima | I37: =SUM(I35:I36) -> 633400 | J37: =SUM(J35:J36) -> 713400 | K37: =SUM(K35:K36) -> 845100 | L37: =SUM(L35:L36) -> 965100
B38: =SUM(B33:B37) -> 94250 | C38: =SUM(C33:C37) -> 114250 | E38: Costo de materia prima indirecta por silla | F38: =SUM(F31:F37) -> 4100
B39: =+F38 -> 4100 | C39: =+F38 -> 4100
B40: =SUM(B38:B39) -> 98350 | C40: =SUM(C38:C39) -> 118350
B43: VALOR COSTO MP
B44: =(E27*L37)+(F27*J37)+(G27*K37)+(H27*I37) -> 20442472
B45: =(E28*L37)+(F28*J37)+(G28*K37)+(H28*I37) -> 23470987
B46: =(E29*L37)+(F29*J37)+(G29*K37)+(H29*I37) -> 24985244
B47: =SUM(B44:B46) -> 68898703
B49: INVENTARIO INICIAL DE MATERIAB PRIMA | C49: =N6 -> 17413958
B51: INVERSION TOTAL | C51: =C49+C24+D19 -> 23993958

Sheet 10.2 Presupuesto Ingresos
B1: AÑO 2 2025 | D1: TELAS PET | F1: TELA TRADICIONAL | J1: AÑO 3 2026 | L1: TELAS PET | N1: TELA TRADICIONAL | R1: AÑO 4 2027 | T1: TELAS PET | V1: TELA TRADICIONAL | Z1: AÑO 5 2028 | AB1: TELAS PET | AD1: TELA TRADICIONAL
B2: Mes | C2: Ventas proyectadas | D2: 6 Puestos | E2: 4 Puestos | F2: 6 Puestos | G2: 4 Puestos | H2: $$ | J2: Mes | K2: Ventas proyectadas | L2: 6 Puestos | M2: 4 Puestos | N2: 6 Puestos | O2: 4 Puestos | P2: $$ | R2: Mes | S2: Ventas proyectadas | T2: 6 Puestos | U2: 4 Puestos | V2: 6 Puestos | W2: 4 Puestos | X2: $$ | Z2: Mes | AA2: Ventas proyectadas | AB2: 6 Puestos | AC2: 4 Puestos | AD2: 6 Puestos | AE2: 4 Puestos | AF2: $$
B3: 45748 | C3: 24.196 | D3: 1.548544 | E3: 3.290656 | F3: 6.194176 | G3: 13.162624 | H3: =D3*$I$6+E3*$I$4+F3*$I$5+G3*$I$3 -> 29517184 | I3: 1100000 | J3: 46113 | K3: 26.77781 | L3: 1.7137798 | M3: 3.6417822 | N3: 6.8551194 | O3: 14.567129 | P3: =L3*$I$6+M3*$I$4+N3*$I$5+O3*$I$3 -> 32666786 | R3: 46478 | S3: 31.176135 | T3: 1.9952726 | U3: 4.2399544 | V3: 7.9810906 | W3: 16.959818 | X3: =T3*$I$6+U3*$I$4+V3*$I$5+W3*$I$3 -> 38032391 | Z3: 46844 | AA3: 38.184335 | AB3: 2.4437975 | AC3: 5.1930696 | AD3: 9.7751898 | AE3: 20.772278 | AF3: =AB3*$I$6+AC3*$I$4+AD3*$I$5+AE3*$I$3 -> 46581834
B4: 45778 | C4: 28.404 | D4: 1.817856 | E4: 3.862944 | F4: 7.271424 | G4: 15.451776 | H4: =D4*$I$6+E4*$I$4+F4*$I$5+G4*$I$3 -> 34650608 | I4: 1210000 | J4: 46143 | K4: 31.43482 | L4: 2.0118285 | M4: 4.2751356 | N4: 8.047314 | O4: 17.100542 | P4: =L4*$I$6+M4*$I$4+N4*$I$5+O4*$I$3 -> 38347966 | R4: 46508 | S4: 36.598072 | T4: 2.3422766 | U4: 4.9773377 | V4: 9.3691063 | W4: 19.909351 | X4: =T4*$I$6+U4*$I$4+V4*$I$5+W4*$I$3 -> 44646720 | Z4: 46874 | AA4: 44.825089 | AB4: 2.8688057 | AC4: 6.0962121 | AD4: 11.475223 | AE4: 24.384849 | AF4: =AB4*$I$6+AC4*$I$4+AD4*$I$5+AE4*$I$3 -> 54683023
B5: 45809 | C5: 26.3 | D5: 1.6832 | E5: 3.5768 | F5: 6.7328 | G5: 14.3072 | H5: =D5*$I$6+E5*$I$4+F5*$I$5+G5*$I$3 -> 32083896 | I5: 1400000 | J5: 46174 | K5: 29.106315 | L5: 1.8628042 | M5: 3.9584589 | N5: 7.4512167 | O5: 15.833835 | P5: =L5*$I$6+M5*$I$4+N5*$I$5+O5*$I$3 -> 35507376 | R5: 46539 | S5: 33.887103 | T5: 2.1687746 | U5: 4.6086461 | V5: 8.6750985 | W5: 18.434584 | X5: =T5*$I$6+U5*$I$4+V5*$I$5+W5*$I$3 -> 41339555 | Z5: 46905 | AA5: 41.504712 | AB5: 2.6563016 | AC5: 5.6446409 | AD5: 10.625206 | AE5: 22.578563 | AF5: =AB5*$I$6+AC5*$I$4+AD5*$I$5+AE5*$I$3 -> 50632429
B6: 45839 | C6: 28.404 | D6: 1.817856 | E6: 3.862944 | F6: 7.271424 | G6: 15.451776 | H6: =D6*$I$6+E6*$I$4+F6*$I$5+G6*$I$3 -> 34650608 | I6: 1540000 | J6: 46204 | K6: 31.43482 | L6: 2.0118285 | M6: 4.2751356 | N6: 8.047314 | O6: 17.100542 | P6: =L6*$I$6+M6*$I$4+N6*$I$5+O6*$I$3 -> 38347966 | R6: 46569 | S6: 36.598072 | T6: 2.3422766 | U6: 4.9773377 | V6: 9.3691063 | W6: 19.909351 | X6: =T6*$I$6+U6*$I$4+V6*$I$5+W6*$I$3 -> 44646720 | Z6: 46935 | AA6: 44.825089 | AB6: 2.8688057 | AC6: 6.0962121 | AD6: 11.475223 | AE6: 24.384849 | AF6: =AB6*$I$6+AC6*$I$4+AD6*$I$5+AE6*$I$3 -> 54683023
B7: 45870 | C7: 26.3 | D7: 1.6832 | E7: 3.5768 | F7: 6.7328 | G7: 14.3072 | H7: =D7*$I$6+E7*$I$4+F7*$I$5+G7*$I$3 -> 32083896 | J7: 46235 | K7: 29.106315 | L7: 1.8628042 | M7: 3.9584589 | N7: 7.4512167 | O7: 15.833835 | P7: =L7*$I$6+M7*$I$4+N7*$I$5+O7*$I$3 -> 35507376 | R7: 46600 | S7: 33.887103 | T7: 2.1687746 | U7: 4.6086461 | V7: 8.6750985 | W7: 18.434584 | X7: =T7*$I$6+U7*$I$4+V7*$I$5+W7*$I$3 -> 41339555 | Z7: 46966 | AA7: 41.504712 | AB7: 2.6563016 | AC7: 5.6446409 | AD7: 10.625206 | AE7: 22.578563 | AF7: =AB7*$I$6+AC7*$I$4+AD7*$I$5+AE7*$I$3 -> 50632429
B8: 45901 | C8: 26.3 | D8: 1.6832 | E8: 3.5768 | F8: 6.7328 | G8: 14.3072 | H8: =D8*$I$6+E8*$I$4+F8*$I$5+G8*$I$3 -> 32083896 | J8: 46266 | K8: 29.106315 | L8: 1.8628042 | M8: 3.9584589 | N8: 7.4512167 | O8: 15.833835 | P8: =L8*$I$6+M8*$I$4+N8*$I$5+O8*$I$3 -> 35507376 | R8: 46631 | S8: 33.887103 | T8: 2.1687746 | U8: 4.6086461 | V8: 8.6750985 | W8: 18.434584 | X8: =T8*$I$6+U8*$I$4+V8*$I$5+W8*$I$3 -> 41339555 | Z8: 46997 | AA8: 41.504712 | AB8: 2.6563016 | AC8: 5.6446409 | AD8: 10.625206 | AE8: 22.578563 | AF8: =AB8*$I$6+AC8*$I$4+AD8*$I$5+AE8*$I$3 -> 50632429
B9: 45931 | C9: 28.404 | D9: 1.817856 | E9: 3.862944 | F9: 7.271424 | G9: 15.451776 | H9: =D9*$I$6+E9*$I$4+F9*$I$5+G9*$I$3 -> 34650608 | J9: 46296 | K9: 31.43482 | L9: 2.0118285 | M9: 4.2751356 | N9: 8.047314 | O9: 17.100542 | P9: =L9*$I$6+M9*$I$4+N9*$I$5+O9*$I$3 -> 38347966 | R9: 46661 | S9: 36.598072 | T9: 2.3422766 | U9: 4.9773377 | V9: 9.3691063 | W9: 19.909351 | X9: =T9*$I$6+U9*$I$4+V9*$I$5+W9*$I$3 -> 44646720 | Z9: 47027 | AA9: 44.825089 | AB9: 2.8688057 | AC9: 6.0962121 | AD9: 11.475223 | AE9: 24.384849 | AF9: =AB9*$I$6+AC9*$I$4+AD9*$I$5+AE9*$I$3 -> 54683023
B10: 45962 | C10: 32.612 | D10: 2.087168 | E10: 4.435232 | F10: 8.348672 | G10: 17.740928 | H10: =D10*$I$6+E10*$I$4+F10*$I$5+G10*$I$3 -> 39784031 | J10: 46327 | K10: 36.091831 | L10: 2.3098772 | M10: 4.908489 | N10: 9.2395087 | O10: 19.633956 | P10: =L10*$I$6+M10*$I$4+N10*$I$5+O10*$I$3 -> 44029146 | R10: 46692 | S10: 42.020008 | T10: 2.6892805 | U10: 5.7147211 | V10: 10.757122 | W10: 22.858884 | X10: =T10*$I$6+U10*$I$4+V10*$I$5+W10*$I$3 -> 51261048 | Z10: 47058 | AA10: 51.465843 | AB10: 3.293814 | AC10: 6.9993547 | AD10: 13.175256 | AE10: 27.997419 | AF10: =AB10*$I$6+AC10*$I$4+AD10*$I$5+AE10*$I$3 -> 62784211
B11: 45992 | C11: 34.716 | D11: 2.221824 | E11: 4.721376 | F11: 8.887296 | G11: 18.885504 | H11: =D11*$I$6+E11*$I$4+F11*$I$5+G11*$I$3 -> 42350743 | J11: 46357 | K11: 38.420336 | L11: 2.4589015 | M11: 5.2251657 | N11: 9.835606 | O11: 20.900663 | P11: =L11*$I$6+M11*$I$4+N11*$I$5+O11*$I$3 -> 46869736 | R11: 46722 | S11: 44.730976 | T11: 2.8627825 | U11: 6.0834128 | V11: 11.45113 | W11: 24.333651 | X11: =T11*$I$6+U11*$I$4+V11*$I$5+W11*$I$3 -> 54568213 | Z11: 47088 | AA11: 54.78622 | AB11: 3.5063181 | AC11: 7.4509259 | AD11: 14.025272 | AE11: 29.803704 | AF11: =AB11*$I$6+AC11*$I$4+AD11*$I$5+AE11*$I$3 -> 66834806
B12: 46023 | C12: 22.092 | D12: 1.413888 | E12: 3.004512 | F12: 5.655552 | G12: 12.018048 | H12: =D12*$I$6+E12*$I$4+F12*$I$5+G12*$I$3 -> 26950473 | J12: 46388 | K12: 24.449305 | L12: 1.5647555 | M12: 3.3251054 | N12: 6.259022 | O12: 13.300422 | P12: =L12*$I$6+M12*$I$4+N12*$I$5+O12*$I$3 -> 29826196 | R12: 46753 | S12: 28.465167 | T12: 1.8217707 | U12: 3.8712627 | V12: 7.2870827 | W12: 15.485051 | X12: =T12*$I$6+U12*$I$4+V12*$I$5+W12*$I$3 -> 34725226 | Z12: 47119 | AA12: 34.863958 | AB12: 2.2312933 | AC12: 4.7414983 | AD12: 8.9251733 | AE12: 18.965993 | AF12: =AB12*$I$6+AC12*$I$4+AD12*$I$5+AE12*$I$3 -> 42531240
B13: 46054 | C13: 21.04 | D13: 1.34656 | E13: 2.86144 | F13: 5.38624 | G13: 11.44576 | H13: =D13*$I$6+E13*$I$4+F13*$I$5+G13*$I$3 -> 25667117 | J13: 46419 | K13: 23.285052 | L13: 1.4902433 | M13: 3.1667671 | N13: 5.9609734 | O13: 12.667068 | P13: =L13*$I$6+M13*$I$4+N13*$I$5+O13*$I$3 -> 28405901 | R13: 46784 | S13: 27.109683 | T13: 1.7350197 | U13: 3.6869168 | V13: 6.9400788 | W13: 14.747667 | X13: =T13*$I$6+U13*$I$4+V13*$I$5+W13*$I$3 -> 33071644 | Z13: 47150 | AA13: 33.20377 | AB13: 2.1250413 | AC13: 4.5157127 | AD13: 8.5001651 | AE13: 18.062851 | AF13: =AB13*$I$6+AC13*$I$4+AD13*$I$5+AE13*$I$3 -> 40505943
B14: 46082 | C14: 25.248 | D14: 1.615872 | E14: 3.433728 | F14: 6.463488 | G14: 13.734912 | H14: =D14*$I$6+E14*$I$4+F14*$I$5+G14*$I$3 -> 30800540 | J14: 46447 | K14: 27.942063 | L14: 1.788292 | M14: 3.8001205 | N14: 7.153168 | O14: 15.200482 | P14: =L14*$I$6+M14*$I$4+N14*$I$5+O14*$I$3 -> 34087081 | R14: 46813 | S14: 32.531619 | T14: 2.0820236 | U14: 4.4243002 | V14: 8.3280945 | W14: 17.697201 | X14: =T14*$I$6+U14*$I$4+V14*$I$5+W14*$I$3 -> 39685973 | AA14: 39.844524 | AB14: 2.5500495 | AC14: 5.4188552 | AD14: 10.200198 | AE14: 21.675421 | AF14: =AB14*$I$6+AC14*$I$4+AD14*$I$5+AE14*$I$3 -> 48607131
B15: - | C15: =SUM(C3:C14) -> 324.016 | D15: =SUM(D3:D14) -> 20.737024 | E15: =SUM(E3:E14) -> 44.066176 | F15: =SUM(F3:F14) -> 82.948096 | G15: =SUM(G3:G14) -> 176.2647 | H15: =SUM(H3:H14) -> 3.952736e+08 | K15: 358.5898 | L15: =SUM(L3:L14) -> 22.949747 | M15: =SUM(M3:M14) -> 48.768213 | N15: =SUM(N3:N14) -> 91.79899 | O15: =SUM(O3:O14) -> 195.07285 | P15: =SUM(P3:P14) -> 4.3745087e+08 | S15: =SUM(S3:S14) -> 417.48911 | T15: =SUM(T3:T14) -> 26.719303 | U15: =SUM(U3:U14) -> 56.778519 | V15: =SUM(V3:V14) -> 106.87721 | W15: =SUM(W3:W14) -> 227.11408 | X15: =SUM(X3:X14) -> 5.0930332e+08 | AA15: =SUM(AA3:AA14) -> 511.33805 | AB15: =SUM(AB3:AB14) -> 32.725635 | AC15: =SUM(AC3:AC14) -> 69.541975 | AD15: =SUM(AD3:AD14) -> 130.90254 | AE15: =SUM(AE3:AE14) -> 278.1679 | AF15: =SUM(AF3:AF14) -> 6.2379152e+08
B17: CONSOLIDADO INGRESOS (VENTAS)
B18: PRESUPUESTO INGRESOS (VENTAS) AÑO 2 2025
B19: PRODUCTOS | D19: CANTIDAD (VENTAS ESPERADAS) | E19: PRECIO (VENTA POR UNIDAD) | F19: VALOR
B20: 4 PUESTOS | C20: Tela Tradicional | D20: =SUM(G3:G14) -> 176.2647 | E20: 1100000 | F20: =D20*E20 -> 1.9389117e+08
C21: Tela PET | D21: =SUM(E3:E14) -> 44.066176 | E21: 1210000 | F21: =D21*E21 -> 53320073
B22: 6 PUESTOS | C22: Tela Tradicional | D22: =SUM(F3:F14) -> 82.948096 | E22: 1400000 | F22: =D22*E22 -> 1.1612733e+08
C23: Tela PET | D23: =SUM(D3:D14) -> 20.737024 | E23: 1540000 | F23: =D23*E23 -> 31935017
B24: TOTAL PRESUPUESTO VENTAS | F24: =SUM(F20:F23) -> 3.952736e+08
B26: PRESUPUESTO INGRESOS (VENTAS) AÑO 2026
B27: PRODUCTOS | D27: CANTIDAD (VENTAS ESPERADAS) | E27: PRECIO (VENTA POR UNIDAD) | F27: VALOR
B28: 4 PUESTOS | C28: Tela Tradicional | D28: =SUM(O3:O14) -> 195.07285 | E28: 1100000 | F28: =D28*E28 -> 2.1458014e+08
C29: Tela PET | D29: =SUM(M3:M14) -> 48.768213 | E29: 1210000 | F29: =D29*E29 -> 59009538
B30: 6 PUESTOS | C30: Tela Tradicional | D30: =SUM(N3:N14) -> 91.79899 | E30: 1400000 | F30: =D30*E30 -> 1.2851859e+08 | H30: =(F32/F24)-1 -> 0.106704
C31: Tela PET | D31: =SUM(L3:L14) -> 22.949747 | E31: 1540000 | F31: =D31*E31 -> 35342611
B32: TOTAL PRESUPUESTO VENTAS | F32: =SUM(F28:F31) -> 4.3745087e+08
B34: PRESUPUESTO INGRESOS (VENTAS) AÑO 2027
B35: PRODUCTOS | D35: CANTIDAD (VENTAS ESPERADAS) | E35: PRECIO (VENTA POR UNIDAD) | F35: VALOR
B36: 4 PUESTOS | C36: Tela Tradicional | D36: =SUM(W3:W14) -> 227.11408 | E36: 1100000 | F36: =D36*E36 -> 2.4982549e+08
C37: Tela PET | D37: =SUM(U3:U14) -> 56.778519 | E37: 1210000 | F37: =D37*E37 -> 68702009
B38: 6 PUESTOS | C38: Tela Tradicional | D38: =SUM(V3:V14) -> 106.87721 | E38: 1400000 | F38: =D38*E38 -> 1.496281e+08
C39: Tela PET | D39: =SUM(T3:T14) -> 26.719303 | E39: 1540000 | F39: =D39*E39 -> 41147727
B40: TOTAL PRESUPUESTO VENTAS | F40: =SUM(F36:F39) -> 5.0930332e+08 | H40: =+(F40/F32)-1 -> 0.16425261
B42: PRESUPUESTO INGRESOS (VENTAS) AÑO 2028
B43: PRODUCTOS | D43: CANTIDAD (VENTAS ESPERADAS) | E43: PRECIO (VENTA POR UNIDAD) | F43: VALOR
B44: 4 PUESTOS | C44: Tela Tradicional | D44: =SUM(AE3:AE14) -> 278.1679 | E44: 1100000 | F44: =D44*E44 -> 3.0598469e+08
C45: Tela PET | D45: =SUM(AC3:AC14) -> 69.541975 | E45: 1210000 | F45: =D45*E45 -> 84145790
B46: 6 PUESTOS | C46: Tela Tradicional | D46: =SUM(AD3:AD14) -> 130.90254 | E46: 1400000 | F46: =D46*E46 -> 1.8326356e+08
C47: Tela PET | D47: =SUM(AB3:AB14) -> 32.725635 | E47: 1540000 | F47: =D47*E47 -> 50397479
B48: TOTAL PRESUPUESTO VENTAS | F48: =SUM(F44:F47) -> 6.2379152e+08 | H48: =+(F48/F40)-1 -> 0.22479374
B50: 2025 | C50: 2026 | D50: 2027 | E50: 2028
B51: =F24 -> 3.952736e+08 | C51: =F32 -> 4.3745087e+08 | D51: =F40 -> 5.0930332e+08 | E51: =F48 -> 6.2379152e+08

Sheet 10.3 Presupuesto Egresos
B2: Concepto | C2: 2025 ($) | D2: 2026 ($) | E2: 2027 ($) | F2: 2028 ($)
B4: Costos variables
B5: Compras (materia prima e insumos) | C5: ='9.6 Analisis Costos y Administ'!D74 -> 2.1603545e+08 | D5: ='9.6 Analisis Costos y Administ'!E74 -> 271336905 | E5: ='9.6 Analisis Costos y Administ'!F74 -> 315975450 | F5: ='9.6 Analisis Costos y Administ'!G74 -> 387008580
B6: Nómina (mano de obra directa) | C6: ='9.6 Analisis Costos y Administ'!D75 -> 68385600 | D6: ='9.6 Analisis Costos y Administ'!E75 -> 71804880 | E6: ='9.6 Analisis Costos y Administ'!F75 -> 75395124 | F6: ='9.6 Analisis Costos y Administ'!G75 -> 1.1874732e+08
B7: CIF Fabricación (servicio luz → porque depende del nivel de producción) | C7: ='9.6 Analisis Costos y Administ'!D63 -> 1920000 | D7: ='9.6 Analisis Costos y Administ'!E63 -> 2016000 | E7: ='9.6 Analisis Costos y Administ'!F63 -> 2116800 | F7: ='9.6 Analisis Costos y Administ'!G63 -> 2222640
B8: Total Costos Variables | C8: =SUM(C5:C7) -> 2.8634105e+08 | D8: =SUM(D5:D7) -> 345157785 | E8: =SUM(E5:E7) -> 393487374 | F8: =SUM(F5:F7) -> 5.0797854e+08
B10: Costos Fijos
B11: Pagos CIF (servicios, arriendo, mantenimiento) | C11: ='9.6 Analisis Costos y Administ'!D69-'9.6 Analisis Costos y Administ'!D63 -> 17144000 | D11: ='9.6 Analisis Costos y Administ'!E69-'9.6 Analisis Costos y Administ'!E63 -> 17161200 | E11: ='9.6 Analisis Costos y Administ'!F69-'9.6 Analisis Costos y Administ'!F63 -> 18019260 | F11: ='9.6 Analisis Costos y Administ'!G69-'9.6 Analisis Costos y Administ'!G63 -> 18920223
B12: Nómina (mano de obra administrativa) | C12: ='9.6 Analisis Costos y Administ'!D111 -> 55472736 | D12: ='9.6 Analisis Costos y Administ'!E111 -> 58539340 | E12: ='9.6 Analisis Costos y Administ'!F111 -> 62116128 | F12: ='9.6 Analisis Costos y Administ'!G111 -> 66379108
B13: Pagos administrativos | C13: ='9.6 Analisis Costos y Administ'!D110-'9.6 Analisis Costos y Administ'!D90 -> 7850000 | D13: ='9.6 Analisis Costos y Administ'!E110-'9.6 Analisis Costos y Administ'!E90 -> 8242500 | E13: ='9.6 Analisis Costos y Administ'!F110-'9.6 Analisis Costos y Administ'!F90 -> 8654625 | F13: ='9.6 Analisis Costos y Administ'!G110-'9.6 Analisis Costos y Administ'!G90 -> 9087356.2
B14: Promoción y publicidad | C14: 6148153 | D14: 6399249 | E14: 7752908 | F14: 9013109
B15: Total Costos Fijos | C15: =SUM(C11:C14) -> 86614889 | D15: =SUM(D11:D14) -> 90342289 | E15: =SUM(E11:E14) -> 96542922 | F15: =SUM(F11:F14) -> 1.033998e+08
B17: Total Costos (TOTAL EGRESOS) | C17: =C8+C15 -> 3.7295594e+08 | D17: =D8+D15 -> 435500074 | E17: =E8+E15 -> 4.900303e+08 | F17: =F8+F15 -> 6.1137834e+08

Sheet 10.4 Presupuesto de efectivo
B2: Año | D2: % | E2: Año 2 2025 | F2: Año 3 2026 | G2: Año 4 2027 | H2: Año 5 2028
B3: I. INGRESOS
B4: Total ventas proyectadas
B5: Ventas al contado | D5: 1 | E5: ='10.2 Presupuesto Ingresos'!F24 -> 3.952736e+08 | F5: ='10.2 Presupuesto Ingresos'!F32 -> 4.3745087e+08 | G5: ='10.2 Presupuesto Ingresos'!F40 -> 5.0930332e+08 | H5: ='10.2 Presupuesto Ingresos'!F48 -> 6.2379152e+08
B6: Total Ingresos | E6: =SUM(E5) -> 3.952736e+08 | F6: =SUM(F5) -> 4.3745087e+08 | G6: =SUM(G5) -> 5.0930332e+08 | H6: =SUM(H5) -> 6.2379152e+08
B7: II. EGRESOS
B10: Compras (materia prima e insumos) | E10: ='10.3 Presupuesto Egresos'!C5 -> 2.1603545e+08 | F10: ='10.3 Presupuesto Egresos'!D5 -> 271336905 | G10: ='10.3 Presupuesto Egresos'!E5 -> 315975450 | H10: ='10.3 Presupuesto Egresos'!F5 -> 387008580
B11: Nómina (mano de obra directa y administrativa | E11: ='10.3 Presupuesto Egresos'!C6+'10.3 Presupuesto Egresos'!C12 -> 1.2385834e+08 | F11: ='10.3 Presupuesto Egresos'!D6+'10.3 Presupuesto Egresos'!D12 -> 130344220 | G11: ='10.3 Presupuesto Egresos'!E6+'10.3 Presupuesto Egresos'!E12 -> 1.3751125e+08 | H11: ='10.3 Presupuesto Egresos'!F6+'10.3 Presupuesto Egresos'!F12 -> 1.8512643e+08
B12: Pagos (servicios, arriendo, mantenimiento) | E12: ='10.3 Presupuesto Egresos'!C11+'10.3 Presupuesto Egresos'!C7 -> 19064000 | F12: ='10.3 Presupuesto Egresos'!D11+'10.3 Presupuesto Egresos'!D7 -> 19177200 | G12: ='10.3 Presupuesto Egresos'!E11+'10.3 Presupuesto Egresos'!E7 -> 20136060 | H12: ='10.3 Presupuesto Egresos'!F11+'10.3 Presupuesto Egresos'!F7 -> 21142863
B13: Egresos administrativos | E13: ='10.3 Presupuesto Egresos'!C13 -> 7850000 | F13: ='10.3 Presupuesto Egresos'!D13 -> 8242500 | G13: ='10.3 Presupuesto Egresos'!E13 -> 8654625 | H13: ='10.3 Presupuesto Egresos'!F13 -> 9087356.2
B14: Promocion y publicidad | E14: ='10.3 Presupuesto Egresos'!C14 -> 6148153 | F14: ='10.3 Presupuesto Egresos'!D14 -> 6399249 | G14: ='10.3 Presupuesto Egresos'!E14 -> 7752908 | H14: ='10.3 Presupuesto Egresos'!F14 -> 9013109
B15: Impuestos | E15: 0 | F15: =+'Asientos contables'!F31 -> 0 | G15: =+'Asientos contables'!F60 -> 0 | H15: =+'Asientos contables'!F89 -> 0
B17: Total Egresos | E17: =SUM(E10:E16) -> 3.7295594e+08 | F17: =SUM(F10:F16) -> 435500074 | G17: =SUM(G10:G16) -> 4.900303e+08 | H17: =SUM(H10:H16) -> 6.1137834e+08
B18: Flujo de Caja Operativo(I-II) | E18: =E6-E17 -> 22317658 | F18: =F6-F17 -> 1950798.8 | G18: =G6-G17 -> 19273024 | H18: =H6-H17 -> 12413183
B20: III.INVERSIONES
B21: Compra de Activo Fijo productivo
B22: Compra de otros activos
B23: Flujo de Caja de Inversión | E23: =SUM(E21:E22) -> 0 | F23: =SUM(F21:F22) -> 0 | G23: =SUM(G21:G22) -> 0 | H23: =SUM(H21:H22) -> 0
B25: IV. FINANCIAMIENTO
B26: Aportes sociales accionistas | F26: 0 | G26: 0 | H26: 0
B27: Devolucion prestamos de socios
B28: Devolucion de prestamos a terceros
B29: Prestamos de Bancos- | E29: 0 | G29: 0 | H29: 0
B30: Pago de Dividendos | E30: 0 | F30: 0 | G30: 0
B31: Pago de Cuota de préstamos | E31: 0 | F31: 0 | G31: 0 | H31: 0
B32: Pago de cuota compra de Imueble | E32: 0 | F32: 0 | G32: 0 | H32: 0
B33: Flujo de caja Financiero | E33: =SUM(E26:E32) -> 0 | F33: =SUM(F26:F32) -> 0 | G33: =SUM(G26:G32) -> 0 | H33: =SUM(H26:H32) -> 0
B35: V. RESUMEN
B36: Flujo de Caja Operativo | E36: =+E18 -> 22317658 | F36: =+F18 -> 1950798.8 | G36: =+G18 -> 19273024 | H36: =+H18 -> 12413183
B37: Flujo de caja Inversion | E37: =+E23 -> 0 | F37: =+F23 -> 0 | G37: =+G23 -> 0 | H37: =+H23 -> 0
B38: Flujo de caja Financiero | E38: =+E33 -> 0 | F38: =+F33 -> 0 | G38: =+G33 -> 0 | H38: =+H33 -> 0
B39: Saldo inicial de efectivo y equivalentes | E39: 0 | F39: =+E40 -> 22317658 | G39: =+F40 -> 24268457 | H39: =+G40 -> 43541481
B40: Saldo de efectivo y equivalentes | E40: =SUM(E36:E39) -> 22317658 | F40: =SUM(F36:F39) -> 24268457 | G40: =SUM(G36:G39) -> 43541481 | H40: =SUM(H36:H39) -> 55954664

Sheet 10.5 Punto de equilibrio
B2: Punto de Equilibrio 2025
B3: TIPO | C3: 4 PUESTOS | E3: 6 PUESTOS
B4: CLASE | C4: Tela Tradicional | D4: Tela PET | E4: Tela Tradicional | F4: Tela PET
B5: Precio deventa Unitario | C5: ='7.8 Proyeccion de ventas'!B44 -> 1100000 | D5: ='7.8 Proyeccion de ventas'!B45 -> 1210000 | E5: ='7.8 Proyeccion de ventas'!C44 -> 1400000 | F5: ='7.8 Proyeccion de ventas'!C45 -> 1540000
B6: Costo Variable Unitario | C6: =SUM(C7:C9) -> 838121.21 | D6: =SUM(D7:D9) -> 918121.21 | E6: =SUM(E7:E9) -> 1152181.8 | F6: =SUM(F7:F9) -> 1272181.8
B7: Materia Prima | C7: ='9.6 Analisis Costos y Administ'!C19 -> 633400 | D7: ='9.6 Analisis Costos y Administ'!D19 -> 713400 | E7: ='9.6 Analisis Costos y Administ'!E19 -> 845100 | F7: ='9.6 Analisis Costos y Administ'!F19 -> 965100
B8: Mano de Obra Directa | C8: =(25000*4)+(13500*4) -> 154000 | D8: =(25000*4)+(13500*4) -> 154000 | E8: =(25000*6)+(13500*6) -> 231000 | F8: =(25000*6)+(13500*6) -> 231000
B9: CIF | C9: =G10*4 -> 50721.207 | D9: =G10*4 -> 50721.207 | E9: =G10*6 -> 76081.811 | F9: =G10*6 -> 76081.811 | G9: ='9.6 Analisis Costos y Administ'!D69 -> 19064000
B10: Margen de Contribucion | C10: =C5-C6 -> 261878.79 | D10: =D5-D6 -> 291878.79 | E10: =E5-E6 -> 247818.19 | F10: =F5-F6 -> 267818.19 | G10: =G9/'7.8 Proyeccion de ventas'!I32 -> 12680.302
B11: % de ventas | C11: 0.544 | D11: 0.136 | E11: 0.256 | F11: 0.064
B12: MC Promedio Ponderado | C12: =C10*C11 -> 142462.06 | D12: =D10*D11 -> 39695.516 | E12: =E10*E11 -> 63441.456 | F12: =F10*F11 -> 17140.364
B13: Total Costos Fijos | C13: ='9.6 Analisis Costos y Administ'!D112 -> 69470889
B14: Punto de equilibrio total | C14: =C13/(SUM(C12:F12)) -> 264.40987
B15: Punto de Equilibrio por tipo de comedor | C15: =C14*C11 -> 143.83897 | D15: =C14*D11 -> 35.959742 | E15: =C14*E11 -> 67.688926 | F15: =C14*F11 -> 16.922231
B17: Comprobacion Punto Equilibrio (2025)
B18: Ventas PE | C18: =+C15*C5 -> 1.5822286e+08 | D18: =+D15*D5 -> 43511287 | E18: =+E15*E5 -> 94764496 | F18: =+F15*F5 -> 26060236 | G18: =SUM(C18:F18) -> 3.2255888e+08
B19: Costos Variables | C19: =+C15*C6 -> 1.2055449e+08 | D19: =+D15*D6 -> 33015401 | E19: =+E15*E6 -> 77989949 | F19: =+F15*F6 -> 21528155 | G19: =SUM(C19:F19) -> 2.5308799e+08
B20: Costos Fijos | G20: =+C13 -> 69470889
F21: Validacion PE | G21: =+G18-G19-G20 -> 0
B24: Punto de Equilibrio 2026
B25: TIPO | C25: 4 PUESTOS | E25: 6 PUESTOS
B26: CLASE | C26: Tela Tradicional | D26: Tela PET | E26: Tela Tradicional | F26: Tela PET
B27: Precio deventa Unitario | C27: ='7.8 Proyeccion de ventas'!B44 -> 1100000 | D27: ='7.8 Proyeccion de ventas'!B45 -> 1210000 | E27: ='7.8 Proyeccion de ventas'!C44 -> 1400000 | F27: ='7.8 Proyeccion de ventas'!C45 -> 1540000
B28: Costo Variable Unitario | C28: =SUM(C29:C31) -> 865173.01 | D28: =SUM(D29:D31) -> 949173.01 | E28: =SUM(E29:E31) -> 1187509.5 | F28: =SUM(F29:F31) -> 1313509.5
B29: Materia Prima | C29: ='9.6 Analisis Costos y Administ'!C19*1.05 -> 665070 | D29: ='9.6 Analisis Costos y Administ'!D19*1.05 -> 749070 | E29: ='9.6 Analisis Costos y Administ'!E19*1.05 -> 887355 | F29: ='9.6 Analisis Costos y Administ'!F19*1.05 -> 1013355
B30: Mano de Obra Directa | C30: =(25000*4)+(13500*4) -> 154000 | D30: =(25000*4)+(13500*4) -> 154000 | E30: =(25000*6)+(13500*6) -> 231000 | F30: =(25000*6)+(13500*6) -> 231000
B31: CIF | C31: =G32*4 -> 46103.009 | D31: =G32*4 -> 46103.009 | E31: =G32*6 -> 69154.514 | F31: =G32*6 -> 69154.514 | G31: ='9.6 Analisis Costos y Administ'!E69 -> 19177200
B32: Margen de Contribucion | C32: =C27-C28 -> 234826.99 | D32: =D27-D28 -> 260826.99 | E32: =E27-E28 -> 212490.49 | F32: =F27-F28 -> 226490.49 | G32: =G31/'7.8 Proyeccion de ventas'!R32 -> 11525.752
B33: % de ventas | C33: 0.544 | D33: 0.136 | E33: 0.256 | F33: 0.064
B34: MC Promedio Ponderado | C34: =C32*C33 -> 127745.88 | D34: =D32*D33 -> 35472.471 | E34: =E32*E33 -> 54397.565 | F34: =F32*F33 -> 14495.391
B35: Total Costos Fijos | C35: ='9.6 Analisis Costos y Administ'!E112 -> 73181089
B36: Punto de equilibrio total | C36: =C35/(SUM(C34:F34)) -> 315.28446
B37: Punto de Equilibrio por tipo de comedor | C37: =C36*C33 -> 171.51475 | D37: =C36*D33 -> 42.878687 | E37: =C36*E33 -> 80.712822 | F37: =C36*F33 -> 20.178205
B39: Comprobacion Punto Equilibrio (2026)
B40: Ventas PE | C40: =+C37*C27 -> 1.8866622e+08 | D40: =+D37*D27 -> 51883211 | E40: =+E37*E27 -> 1.1299795e+08 | F40: =+F37*F27 -> 31074436 | G40: =SUM(C40:F40) -> 3.8462182e+08
B41: Costos Variables | C41: =+C37*C28 -> 1.4838993e+08 | D41: =+D37*D28 -> 40699292 | E41: =+E37*E28 -> 95847244 | F41: =+F37*F28 -> 26504265 | G41: =SUM(C41:F41) -> 3.1144073e+08
B42: Costos Fijos | G42: =+C35 -> 73181089
F43: Validacion PE | G43: =+G40-G41-G42 -> 0
B45: Punto de Equilibrio 2027
B46: TIPO | C46: 4 PUESTOS | E46: 6 PUESTOS
B47: CLASE | C47: Tela Tradicional | D47: Tela PET | E47: Tela Tradicional | F47: Tela PET
B48: Precio deventa Unitario | C48: =C5 -> 1100000 | D48: =D5 -> 1210000 | E48: =E5 -> 1400000 | F48: =F5 -> 1540000
B49: Costo Variable Unitario | C49: =SUM(C50:C52) -> 893902.24 | D49: =SUM(D50:D52) -> 982102.24 | E49: =SUM(E50:E52) -> 1225090.9 | F49: =SUM(F50:F52) -> 1357390.9
B50: Materia Prima | C50: =C29*1.05 -> 698323.5 | D50: =D29*1.05 -> 786523.5 | E50: =E29*1.05 -> 931722.75 | F50: =F29*1.05 -> 1064022.8
B51: Mano de Obra Directa | C51: =(25000*4)+(13500*4) -> 154000 | D51: =(25000*4)+(13500*4) -> 154000 | E51: =(25000*6)+(13500*6) -> 231000 | F51: =(25000*6)+(13500*6) -> 231000
B52: CIF | C52: =G53*4 -> 41578.743 | D52: =G53*4 -> 41578.743 | E52: =G53*6 -> 62368.114 | F52: =G53*6 -> 62368.114 | G52: ='9.6 Analisis Costos y Administ'!F69 -> 20136060
B53: Margen de Contribucion | C53: =C48-C49 -> 206097.76 | D53: =D48-D49 -> 227897.76 | E53: =E48-E49 -> 174909.14 | F53: =F48-F49 -> 182609.14 | G53: =G52/'7.8 Proyeccion de ventas'!AA32 -> 10394.686
B54: % de ventas | C54: 0.544 | D54: 0.136 | E54: 0.256 | F54: 0.064
B55: MC Promedio Ponderado | C55: =C53*C54 -> 112117.18 | D55: =D53*D54 -> 30994.095 | E55: =E53*E54 -> 44776.739 | F55: =F53*F54 -> 11686.985
B56: Total Costos Fijos | C56: ='9.6 Analisis Costos y Administ'!F112 -> 78523662
B57: Punto de equilibrio total | C57: =C56/(SUM(C55:F55)) -> 393.4544
B58: Punto de Equilibrio por tipo de comedor | C58: =C57*C54 -> 214.03919 | D58: =C57*D54 -> 53.509799 | E58: =C57*E54 -> 100.72433 | F58: =C57*F54 -> 25.181082
B60: Comprobacion Punto Equilibrio (2027)
B61: Ventas PE | C61: =+C58*C48 -> 2.3544311e+08 | D61: =+D58*D48 -> 64746856 | E61: =+E58*E48 -> 1.4101406e+08 | F61: =+F58*F48 -> 38778866 | G61: =SUM(C61:F61) -> 4.7998289e+08
B62: Costos Variables | C62: =+C58*C49 -> 1.9133012e+08 | D62: =+D58*D49 -> 52552093 | E62: =+E58*E49 -> 1.2339645e+08 | F62: =+F58*F49 -> 34180570 | G62: =SUM(C62:F62) -> 4.0145923e+08
B63: Costos Fijos | G63: =+C56 -> 78523662
F64: Validacion PE | G64: =+G61-G62-G63 -> 0
B66: Punto de Equilibrio 2028
B67: TIPO | C67: 4 PUESTOS | E67: 6 PUESTOS
B68: CLASE | C68: Tela Tradicional | D68: Tela PET | E68: Tela Tradicional | F68: Tela PET
B69: Precio deventa Unitario | C69: =C27 -> 1100000 | D69: =D27 -> 1210000 | E69: =E27 -> 1400000 | F69: =F27 -> 1540000
B70: Costo Variable Unitario | C70: =SUM(C71:C73) -> 922884.6 | D70: =SUM(D71:D73) -> 1015494.6 | E70: =SUM(E71:E73) -> 1262776.3 | F70: =SUM(F71:F73) -> 1401691.3
B71: Materia Prima | C71: =C50*1.05 -> 733239.68 | D71: =D50*1.05 -> 825849.68 | E71: =E50*1.05 -> 978308.89 | F71: =F50*1.05 -> 1117223.9
B72: Mano de Obra Directa | C72: =(25000*4)+(13500*4) -> 154000 | D72: =(25000*4)+(13500*4) -> 154000 | E72: =(25000*6)+(13500*6) -> 231000 | F72: =(25000*6)+(13500*6) -> 231000
B73: CIF | C73: =G74*4 -> 35644.924 | D73: =G74*4 -> 35644.924 | E73: =G74*6 -> 53467.386 | F73: =G74*6 -> 53467.386 | G73: ='9.6 Analisis Costos y Administ'!G69 -> 21142863
B74: Margen de Contribucion | C74: =C69-C70 -> 177115.4 | D74: =D69-D70 -> 194505.4 | E74: =E69-E70 -> 137223.73 | F74: =F69-F70 -> 138308.73 | G74: =G73/'7.8 Proyeccion de ventas'!AJ32 -> 8911.231
B75: % de ventas | C75: 0.544 | D75: 0.136 | E75: 0.256 | F75: 0.064
B76: MC Promedio Ponderado | C76: =C74*C75 -> 96350.778 | D76: =D74*D75 -> 26452.735 | E76: =E74*E75 -> 35129.274 | F76: =F74*F75 -> 8851.7585
B77: Total Costos Fijos | C77: ='9.6 Analisis Costos y Administ'!G112 -> 84479573
B78: Punto de equilibrio total | C78: =C77/(SUM(C76:F76)) -> 506.51919
B79: Punto de Equilibrio por tipo de comedor | C79: =C78*C75 -> 275.54644 | D79: =C78*D75 -> 68.88661 | E79: =C78*E75 -> 129.66891 | F79: =C78*F75 -> 32.417228
B81: Comprobacion Punto Equilibrio (2028)
B82: Ventas PE | C82: =+C79*C69 -> 3.0310108e+08 | D82: =+D79*D69 -> 83352798 | E82: =+E79*E69 -> 1.8153648e+08 | F82: =+F79*F69 -> 49922532 | G82: =SUM(C82:F82) -> 6.1791289e+08
B83: Costos Variables | C83: =+C79*C70 -> 2.5429757e+08 | D83: =+D79*D70 -> 69953981 | E83: =+E79*E70 -> 1.6374283e+08 | F83: =+F79*F70 -> 45438946 | G83: =SUM(C83:F83) -> 5.3343332e+08
B84: Costos Fijos | G84: =+C77 -> 84479573
F85: Validacion PE | G85: =+G82-G83-G84 -> 0
B87: Resumen Punto Equilibro
B88: Año | C88: 4 Puestos – Tela Tradicional | D88: 4 Puestos – Tela PET | E88: 6 Puestos – Tela Tradicional | F88: 6 Puestos – Tela PET
B89: 2025 | C89: =C15 -> 143.83897 | D89: =D15 -> 35.959742 | E89: =E15 -> 67.688926 | F89: =F15 -> 16.922231
B90: 2026 | C90: =C37 -> 171.51475 | D90: =D37 -> 42.878687 | E90: =E37 -> 80.712822 | F90: =F37 -> 20.178205
B91: 2027 | C91: =C58 -> 214.03919 | D91: =D58 -> 53.509799 | E91: =E58 -> 100.72433 | F91: =F58 -> 25.181082
B92: 2028 | C92: =C79 -> 275.54644 | D92: =D79 -> 68.88661 | E92: =E79 -> 129.66891 | F92: =F79 -> 32.417228

Sheet 10.5 Indicadores Financieros
B2: ROI
B3: ='10.1 Analisis de inversion'!C49+'10.1 Analisis de inversion'!C24+'10.1 Analisis de inversion'!D19 -> 23993958 | C3: INVERSION INICIAL
A5: Año | B5: 2025 | C5: 2026 | D5: 2027 | E5: 2028
B6: ='10.2 Presupuesto Ingresos'!B51 -> 3.952736e+08 | C6: ='10.2 Presupuesto Ingresos'!C51 -> 4.3745087e+08 | D6: ='10.2 Presupuesto Ingresos'!D51 -> 5.0930332e+08 | E6: ='10.2 Presupuesto Ingresos'!E51 -> 6.2379152e+08 | F6: Ingresos
B7: =+'10.6 Estado de resultados'!C4+'10.6 Estado de resultados'!C9+'10.6 Estado de resultados'!C11+'10.6 Estado de resultados'!C19 -> 3.910279e+08 | C7: =+'10.6 Estado de resultados'!D4+'10.6 Estado de resultados'!D9+'10.6 Estado de resultados'!D11+'10.6 Estado de resultados'!D19 -> 436158074 | D7: =+'10.6 Estado de resultados'!E4+'10.6 Estado de resultados'!E9+'10.6 Estado de resultados'!E11+'10.6 Estado de resultados'!E19 -> 4.906883e+08 | E7: =+'10.6 Estado de resultados'!F4+'10.6 Estado de resultados'!F9+'10.6 Estado de resultados'!F11+'10.6 Estado de resultados'!F19 -> 6.1203634e+08 | F7: Gastos
B8: =B6-B7 -> 4245700.1 | C8: =C6-C7 -> 1292798.8 | D8: =D6-D7 -> 18615024 | E8: =E6-E7 -> 11755183 | F8: Ganancia total | G8: =SUM(B8:E8) -> 35908706
B10: ROI AÑO 2 | C10: =B8/$B$3 -> 0.17694872
B11: ROI TOTAL DEL PROYECTO | C11: =+G8/B3 -> 1.4965728
B12: =+C11/4 -> 0.37414321 | C12: ROI Anual Promedio
B14: VPN, TIR, PRI
B15: =B3 -> 23993958 | C15: INVERSION INICIAL
A17: Año | B17: 2025 | C17: 2026 | D17: 2027 | E17: 2028 | G17: Calculo del VPN:
B18: =B6 -> 3.952736e+08 | C18: =C6 -> 4.3745087e+08 | D18: =D6 -> 5.0930332e+08 | E18: =E6 -> 6.2379152e+08 | F18: Ingresos | G18: Si el VPN > 0, el proyecto genera más valor del que cuesta = Es viable.
B19: =B7 -> 3.910279e+08 | C19: =C7 -> 436158074 | D19: =D7 -> 4.906883e+08 | E19: =E7 -> 6.1203634e+08 | F19: Gastos | G19: Si el VPN = 0, recuperas exactamente lo invertido.
B20: =B18-B19 -> 4245700.1 | C20: =C18-C19 -> 1292798.8 | D20: =D18-D19 -> 18615024 | E20: =E18-E19 -> 11755183 | F20: Ganancia total | G20: Si el VPN < 0, el proyecto no conviene.
B22: Tasa de Interés de Oportunidad (TIO) | C22: 0.12
B23: VPN | C23: =NPV(C22,B20:E20)-B15 -> 1547894.6 | G23: Año | H23: Flujo neto de caja
B24: TIR | C24: =IRR(H24:H28) -> 0.14402589 | G24: Inversion | H24: -23993958
B25: PRI | C25: =2 + (B15 - (B20+C20))/D20 -> 2.9914282 | D25: Años | G25: 2024 | H25: =B20 -> 4245700.1
G26: 2025 | H26: =C20 -> 1292798.8
G27: 2026 | H27: =D20 -> 18615024
G28: 2027 | H28: =E20 -> 11755183

Sheet 10.6 Estado de resultados
B2: CUENTA | C2: 2025 | D2: 2026 | E2: 2027 | F2: 2028
B3: Ingresos de actividades ordinarias | C3: =-'Asientos contables'!L14 -> 3.952736e+08 | D3: =+'10.2 Presupuesto Ingresos'!F32 -> 4.3745087e+08 | E3: =-'Asientos contables'!L73 -> 5.0930332e+08 | F3: =-'Asientos contables'!L102 -> 6.2379152e+08
B4: Costo de ventas | C4: =SUM(C5:C7) -> 3.2155701e+08 | D4: =SUM(D5:D7) -> 362976985 | E4: =SUM(E5:E7) -> 412164634 | F4: =SUM(F5:F7) -> 5.2755676e+08
B5: Materia prima directa | C5: =+'Asientos contables'!L4 -> 2.3344941e+08 | D5: =+'Asientos contables'!L37 -> 271336905 | E5: =+'Asientos contables'!L66 -> 315975450 | F5: =+'Asientos contables'!L95 -> 387008580
B6: Mano de Obra Directa | C6: =+'Asientos contables'!L5 -> 68385600 | D6: =+'Asientos contables'!L38 -> 71804880 | E6: =+'Asientos contables'!L67 -> 75395124 | F6: =+'Asientos contables'!L96 -> 1.1874732e+08
B7: Costos indirectos de fabricacion | C7: =+'Asientos contables'!L6 -> 19722000 | D7: =+'Asientos contables'!L39 -> 19835200 | E7: =+'Asientos contables'!L68 -> 20794060 | F7: =+'Asientos contables'!L97 -> 21800863
B8: Ganancia (perdida) bruta | C8: =+C3-C4 -> 73716589 | D8: =+D3-D4 -> 74473888 | E8: =+E3-E4 -> 97138686 | F8: =+F3-F4 -> 96234756
B9: Gastos de ventas y distribución | C9: =SUM(C10) -> 6148153 | D9: =SUM(D10) -> 6399249 | E9: =SUM(E10) -> 7752908 | F9: =SUM(F10) -> 9013109
B10: =+'Asientos contables'!I18 -> Publicidad, propaganda y promoción | C10: =+'Asientos contables'!L18 -> 6148153 | D10: =+'Asientos contables'!L48 -> 6399249 | E10: =+'Asientos contables'!L77 -> 7752908 | F10: =+'Asientos contables'!L106 -> 9013109
B11: Gastos de administracion | C11: =SUM(C12:C15) -> 61672736 | D11: =SUM(D12:D15) -> 65049340 | E11: =SUM(E12:E15) -> 68951628 | F11: =SUM(F12:F15) -> 73556383
B12: Gastos de Personal | C12: =+'Asientos contables'!L10 -> 55472736 | D12: =+'Asientos contables'!L41 -> 58539340 | E12: =+'Asientos contables'!L70 -> 62116128 | F12: =+'Asientos contables'!L99 -> 66379108
B13: Asesoría financiera | C13: =+'Asientos contables'!L15 -> 6000000 | D13: =+'Asientos contables'!L45 -> 6300000 | E13: =+'Asientos contables'!L74 -> 6615000 | F13: =+'Asientos contables'!L103 -> 6945750
B14: Otros | C14: =+'Asientos contables'!L16 -> 30000 | D14: =+'Asientos contables'!L46 -> 31500 | E14: =+'Asientos contables'!L75 -> 33075 | F14: =+'Asientos contables'!L104 -> 34728.75
B15: Trámites y licencias | C15: =+'Asientos contables'!L17 -> 170000 | D15: =+'Asientos contables'!L47 -> 178500 | E15: =+'Asientos contables'!L76 -> 187425 | F15: =+'Asientos contables'!L105 -> 196796.25
B16: Otros ingresos operativos | C16: 0 | D16: 0 | E16: 0 | F16: 0
B17: Otras ganancias (perdidas) | C17: 0 | D17: 0 | E17: 0 | F17: 0
B18: Ganancia (perdida) operativa | C18: =+C8-SUM(C9,C11,C16,C17) -> 5895700.1 | D18: =+D8-SUM(D9,D11,D16,D17) -> 3025298.8 | E18: =+E8-SUM(E9,E11,E16,E17) -> 20434149 | F18: =+F8-SUM(F9,F11,F16,F17) -> 13665264
B19: Gastos financieros | C19: =+'Asientos contables'!L19 -> 1650000 | D19: =+'Asientos contables'!L49 -> 1732500 | E19: =+'Asientos contables'!L78 -> 1819125 | F19: =+'Asientos contables'!L107 -> 1910081.2
B20: Ganancia (perdidas) antes de impuestos | C20: =+C18-SUM(C19:C19) -> 4245700.1 | D20: =+D18-SUM(D19:D19) -> 1292798.8 | E20: =+E18-SUM(E19:E19) -> 18615024 | F20: =+F18-SUM(F19:F19) -> 11755183
B21: Ingreso (gasto) por impuesto | C21: =+'Asientos contables'!L21 -> 0 | D21: =+'Asientos contables'!L50 -> 0 | E21: =+'Asientos contables'!L79 -> 0 | F21: =+'Asientos contables'!L108 -> 0
B22: Ganancia (perdida) neta del ejercicio | C22: =+C20-SUM(C21:C21) -> 4245700.1 | D22: =+D20-SUM(D21:D21) -> 1292798.8 | E22: =+E20-SUM(E21:E21) -> 18615024 | F22: =+F20-SUM(F21:F21) -> 11755183
B24: Rentabilidad Bruta | C24: =+C8/C3 -> 0.1864951 | D24: =+D8/D3 -> 0.17024515 | E24: =+E8/E3 -> 0.19072855 | F24: =+F8/F3 -> 0.15427391
B25: Rentabilidad Neta | C25: =+C22/C3 -> 0.010741168 | D25: =+D22/D3 -> 0.0029553005 | E25: =+E22/E3 -> 0.036549976 | F25: =+F22/F3 -> 0.01884473
B26: Rentabilidad Antes de Impuestos | C26: =+C20/C3 -> 0.010741168 | D26: =+D20/D3 -> 0.0029553005 | E26: =+E20/E3 -> 0.036549976 | F26: =+F20/F3 -> 0.01884473
C27: =+C20-'10.5 Indicadores Financieros'!B8 -> -1.4901161e-08
C28: =+'10.1 Analisis de inversion'!C49 -> 17413958
C29: =+C27+C28 -> 17413958

Sheet 10.7 Balance general
B2: CUENTA | C2: 2025 | D2: 2026 | E2: 2027 | F2: 2028
B3: Activos
B4: Activos corrientes
B5: Efectivo y equivalentes al efectivo | C5: =SUM(C6) -> 22317658 | D5: =SUM(D6) -> 24268457 | E5: =SUM(E6) -> 43541481 | F5: =SUM(F6) -> 55954664
B6: Bancos | C6: =+'Asientos contables'!L7 -> 22317658 | D6: =+'Asientos contables'!L40 -> 24268457 | E6: =+'Asientos contables'!L69 -> 43541481 | F6: =+'Asientos contables'!L98 -> 55954664
B7: Anticipos | C7: 0
B8: Total de acrivos corrientes | C8: =+C5+C7 -> 22317658 | D8: =+D5+D7 -> 24268457 | E8: =+E5+E7 -> 43541481 | F8: =+F5+F7 -> 55954664
B9: Activos no corrientes
B10: Otros activos financieros | C10: 0
B11: Propiedades, planta y equipo | C11: =SUM(C12:C14) -> 5922000 | D11: =SUM(D12:D14) -> 5264000 | E11: =SUM(E12:E14) -> 4606000 | F11: =SUM(F12:F14) -> 3948000
B12: Maquinaria y Equipo | C12: =+'Asientos contables'!L9 -> 5600000 | D12: =+C12 -> 5600000 | E12: =+D12 -> 5600000 | F12: =+E12 -> 5600000
B13: Equipos | C13: =+'Asientos contables'!L11 -> 980000 | D13: =+C13 -> 980000 | E13: =+D13 -> 980000 | F13: =+E13 -> 980000
B14: Depreciaicon acumulada | C14: =+'Asientos contables'!L12 -> -658000 | D14: =+'Asientos contables'!L42 -> -1316000 | E14: =+'Asientos contables'!L71 -> -1974000 | F14: =+'Asientos contables'!L100 -> -2632000
B15: Total de acrivos no corrientes | C15: =+C10+C11 -> 5922000 | D15: =SUM(D10:D11) -> 5264000 | E15: =SUM(E10:E11) -> 4606000 | F15: =SUM(F10:F11) -> 3948000
B16: TOTAL DE ACTIVOS | C16: =+C15+C8 -> 28239658 | D16: =+D15+D8 -> 29532457 | E16: =+E15+E8 -> 48147481 | F16: =+F15+F8 -> 59902664
B17: Pasivos y patrimonio
B18: Pasivos corrientes
B19: Pasivos por impuestos a las ganancias | C19: =-'Asientos contables'!L20 -> 0 | D19: =-'Asientos contables'!L43 -> 0 | E19: =-'Asientos contables'!L72 -> 0 | F19: =-'Asientos contables'!L101 -> 0
B20: Otros pasivos no financieros | C20: 0
B21: Total de pasivos corrientes | C21: =SUM(C18:C20) -> 0 | D21: =SUM(D18:D20) -> 0 | E21: =SUM(E18:E20) -> 0 | F21: =SUM(F18:F20) -> 0
B22: Pasivos no corrientes
B23: Otras cuentas por pagar | C23: 0 | D23: 0
B24: Total de pasivos no corrientes | C24: =SUM(C22:C23) -> 0 | D24: =SUM(D22:D23) -> 0 | E24: =SUM(E22:E23) -> 0 | F24: =SUM(F22:F23) -> 0
B25: Total de pasivos | C25: =+C21+C24 -> 0 | D25: =+D21+D24 -> 0 | E25: =+E21+E24 -> 0 | F25: =+F21+F24 -> 0
B26: Patrimonio
B27: Capital Autorizado | C27: =-'Asientos contables'!L13 -> 23993958 | D27: =+C27 -> 23993958 | E27: =+D27 -> 23993958 | F27: =+E27 -> 23993958
B28: Resultado del ejercicio | C28: =+'10.6 Estado de resultados'!C22 -> 4245700.1 | D28: =+'10.6 Estado de resultados'!D22 -> 1292798.8 | E28: =+'10.6 Estado de resultados'!E22 -> 18615024 | F28: =+'10.6 Estado de resultados'!F22 -> 11755183
B29: Resultados acumulados | C29: 0 | D29: =+C28 -> 4245700.1 | E29: =+D28+D29 -> 5538498.9 | F29: =+E28+E29 -> 24153523
B30: Total de patrimonio | C30: =SUM(C27:C29) -> 28239658 | D30: =SUM(D27:D29) -> 29532457 | E30: =SUM(E27:E29) -> 48147481 | F30: =SUM(F27:F29) -> 59902664
B31: TOTAL DE PASIVO Y PATRIMONIO | C31: =+C25+C30 -> 28239658 | D31: =+D25+D30 -> 29532457 | E31: =+E25+E30 -> 48147481 | F31: =+F25+F30 -> 59902664
C32: =+C16-C31 -> 0 | D32: =+D16-D31 -> 0 | E32: =+E16-E31 -> 0 | F32: =+F16-F31 -> 8.9406967e-08

Sheet Asientos contables
A2: Entrada | B2: Cuenta | C2: Nombre | D2: Concepto | E2: Debito | F2: Credito
A3: 1 | B3: 310505 | C3: =IFERROR(_xlfn.XLOOKUP(B3,PUC!A:A,PUC!B:B,0,0,1),"") -> Capital autorizado | D3: Constitucion de la empresa | F3: =SUM(E4:E6) -> 23993958 | H3: Cuenta | I3: Nombre | J3: Sum of Debito | K3: Sum of Credito
A4: 1 | B4: 1520 | C4: =IFERROR(_xlfn.XLOOKUP(B4,PUC!A:A,PUC!B:B,0,0,1),"") -> MAQUINARIA Y EQUIPO | D4: Constitucion de la empresa | E4: =+'10.1 Analisis de inversion'!D19 -> 5600000 | H4: 71 | I4: MATERIA PRIMA | J4: 2.3344941e+08 | L4: =+J4-K4 -> 2.3344941e+08
A5: 1 | B5: 152410 | C5: =IFERROR(_xlfn.XLOOKUP(B5,PUC!A:A,PUC!B:B,0,0,1),"") -> Equipos | D5: Constitucion de la empresa | E5: =+'10.1 Analisis de inversion'!C24 -> 980000 | H5: 72 | I5: MANO DE OBRA DIRECTA | J5: 68385600 | L5: =+J5-K5 -> 68385600
A6: 1 | B6: 1405 | C6: =IFERROR(_xlfn.XLOOKUP(B6,PUC!A:A,PUC!B:B,0,0,1),"") -> MATERIAS PRIMAS | D6: Constitucion de la empresa | E6: =+'10.1 Analisis de inversion'!C49 -> 17413958 | H6: 73 | I6: COSTOS INDIRECTOS | J6: 19722000 | L6: =+J6-K6 -> 19722000
A7: 2 | B7: 413536 | C7: =IFERROR(_xlfn.XLOOKUP(B7,PUC!A:A,PUC!B:B,0,0,1),"") -> Venta de electrodomésticos y muebles | D7: Ventas Anio 1 | F7: =+'10.2 Presupuesto Ingresos'!F24 -> 3.952736e+08 | H7: 1110 | I7: BANCOS | J7: 3.952736e+08 | K7: 3.7295594e+08 | L7: =+J7-K7 -> 22317658
A8: 2 | B8: 1110 | C8: =IFERROR(_xlfn.XLOOKUP(B8,PUC!A:A,PUC!B:B,0,0,1),"") -> BANCOS | D8: Ventas Anio 1 | E8: =+F7 -> 3.952736e+08 | H8: 1405 | I8: MATERIAS PRIMAS | J8: 17413958 | K8: 17413958 | L8: =+J8-K8 -> 0
A9: 3 | B9: 71 | C9: =IFERROR(_xlfn.XLOOKUP(B9,PUC!A:A,PUC!B:B,0,0,1),"") -> MATERIA PRIMA | D9: Producion Anio 1 | E9: =+'10.3 Presupuesto Egresos'!C5 -> 2.1603545e+08 | H9: 1520 | I9: MAQUINARIA Y EQUIPO | J9: 5600000 | L9: =+J9-K9 -> 5600000
A10: 3 | B10: 72 | C10: =IFERROR(_xlfn.XLOOKUP(B10,PUC!A:A,PUC!B:B,0,0,1),"") -> MANO DE OBRA DIRECTA | D10: Producion Anio 1 | E10: =+'10.3 Presupuesto Egresos'!C6 -> 68385600 | H10: 5105 | I10: GASTOS DE PERSONAL | J10: 55472736 | L10: =+J10-K10 -> 55472736
A11: 3 | B11: 73 | C11: =IFERROR(_xlfn.XLOOKUP(B11,PUC!A:A,PUC!B:B,0,0,1),"") -> COSTOS INDIRECTOS | D11: Producion Anio 1 | E11: =+'10.3 Presupuesto Egresos'!C7+'10.3 Presupuesto Egresos'!C11 -> 19064000 | H11: 152410 | I11: Equipos | J11: 980000 | L11: =+J11-K11 -> 980000
A12: 3 | B12: 1110 | C12: =IFERROR(_xlfn.XLOOKUP(B12,PUC!A:A,PUC!B:B,0,0,1),"") -> BANCOS | D12: Producion Anio 1 | F12: =SUM(E9:E11) -> 3.0348505e+08 | H12: 159210 | I12: MAQUINARIA Y EQUIPO | K12: 658000 | L12: =+J12-K12 -> -658000
A13: 4 | B13: 5105 | C13: =IFERROR(_xlfn.XLOOKUP(B13,PUC!A:A,PUC!B:B,0,0,1),"") -> GASTOS DE PERSONAL | D13: Gastos Admon Anio 1 | E13: =+'10.3 Presupuesto Egresos'!C12 -> 55472736 | H13: 310505 | I13: Capital autorizado | K13: 23993958 | L13: =+J13-K13 -> -23993958
A14: 4 | B14: 1110 | C14: =IFERROR(_xlfn.XLOOKUP(B14,PUC!A:A,PUC!B:B,0,0,1),"") -> BANCOS | D14: Gastos Admon Anio 1 | F14: =+E13 -> 55472736 | H14: 413536 | I14: Venta de electrodomésticos y muebles | K14: 3.952736e+08 | L14: =+J14-K14 -> -3.952736e+08 | N14: =+L14+L4+L5+L6+L10+L15+L16+L17+L18+L19 -> -4245700.1
A15: 5 | B15: 511030 | C15: =IFERROR(_xlfn.XLOOKUP(B15,PUC!A:A,PUC!B:B,0,0,1),"") -> Asesoría financiera | D15: Gastos Contador Anio 1 | E15: =+'9.6 Analisis Costos y Administ'!D82 -> 6000000 | H15: 511030 | I15: Asesoría financiera | J15: 6000000 | L15: =+J15-K15 -> 6000000 | N15: =+N14*0.35 -> -1485995
A16: 5 | B16: 1110 | C16: =IFERROR(_xlfn.XLOOKUP(B16,PUC!A:A,PUC!B:B,0,0,1),"") -> BANCOS | D16: Gastos Contador Anio 1 | F16: =+E15 -> 6000000 | H16: 513595 | I16: Otros | J16: 30000 | L16: =+J16-K16 -> 30000
A17: 6 | B17: 523560 | C17: =IFERROR(_xlfn.XLOOKUP(B17,PUC!A:A,PUC!B:B,0,0,1),"") -> Publicidad, propaganda y promoción | D17: Gastos Publicidad Anio 1 | E17: =+'10.3 Presupuesto Egresos'!C14 -> 6148153 | H17: 514015 | I17: Trámites y licencias | J17: 170000 | L17: =+J17-K17 -> 170000
A18: 6 | B18: 1110 | C18: =IFERROR(_xlfn.XLOOKUP(B18,PUC!A:A,PUC!B:B,0,0,1),"") -> BANCOS | D18: Gastos Publicidad Anio 1 | F18: =+E17 -> 6148153 | H18: 523560 | I18: Publicidad, propaganda y promoción | J18: 6148153 | L18: =+J18-K18 -> 6148153
A19: 7 | B19: 530505 | C19: =IFERROR(_xlfn.XLOOKUP(B19,PUC!A:A,PUC!B:B,0,0,1),"") -> Gastos bancarios | D19: Gastos Bancarios Anio 1 | E19: =+'9.6 Analisis Costos y Administ'!D85 -> 1650000 | H19: 530505 | I19: Gastos bancarios | J19: 1650000 | L19: =+J19-K19 -> 1650000
A20: 7 | B20: 1110 | C20: =IFERROR(_xlfn.XLOOKUP(B20,PUC!A:A,PUC!B:B,0,0,1),"") -> BANCOS | D20: Gastos Bancarios Anio 1 | F20: =+E19 -> 1650000 | H20: 240405 | I20: Vigencia fiscal corriente | K20: 0 | L20: =+J20-K20 -> 0
A21: 8 | B21: 514015 | C21: =IFERROR(_xlfn.XLOOKUP(B21,PUC!A:A,PUC!B:B,0,0,1),"") -> Trámites y licencias | D21: Renovacion Camara de comercio Anio 1 | E21: =+'9.6 Analisis Costos y Administ'!D83 -> 170000 | H21: 540505 | I21: Impuesto de renta y complementarios | J21: 0 | L21: =+J21-K21 -> 0
A22: 8 | B22: 1110 | C22: =IFERROR(_xlfn.XLOOKUP(B22,PUC!A:A,PUC!B:B,0,0,1),"") -> BANCOS | D22: Renovacion Camara de comercio Año 1 | F22: 170000 | H22: Total general | J22: 8.1029546e+08 | K22: 8.1029546e+08
A23: 9 | B23: 513595 | C23: =IFERROR(_xlfn.XLOOKUP(B23,PUC!A:A,PUC!B:B,0,0,1),"") -> Otros | D23: Recarga de Extintor Anio 1 | E23: =+'9.6 Analisis Costos y Administ'!D84 -> 30000
A24: 9 | B24: 1110 | C24: =IFERROR(_xlfn.XLOOKUP(B24,PUC!A:A,PUC!B:B,0,0,1),"") -> BANCOS | D24: Recarga de Extintor Anio 1 | F24: =+E23 -> 30000
A25: 10 | B25: 1405 | C25: =IFERROR(_xlfn.XLOOKUP(B25,PUC!A:A,PUC!B:B,0,0,1),"") -> MATERIAS PRIMAS | D25: Traslado al Costo Anio 1 | F25: =+E6 -> 17413958
A26: 10 | B26: 71 | C26: =IFERROR(_xlfn.XLOOKUP(B26,PUC!A:A,PUC!B:B,0,0,1),"") -> MATERIA PRIMA | D26: Traslado al Costo Anio 1 | E26: =+F25 -> 17413958
A27: 11 | B27: 159210 | C27: =IFERROR(_xlfn.XLOOKUP(B27,PUC!A:A,PUC!B:B,0,0,1),"") -> Maquinaria y equipo | D27: Depreciacion Maquinaria Año 1 | F27: =+E4/10 -> 560000
A28: 11 | B28: 73 | C28: =IFERROR(_xlfn.XLOOKUP(B28,PUC!A:A,PUC!B:B,0,0,1),"") -> COSTOS INDIRECTOS | D28: Depreciacion Maquinaria Año 1 | E28: =+F27 -> 560000
A29: 12 | B29: 159210 | C29: =IFERROR(_xlfn.XLOOKUP(B29,PUC!A:A,PUC!B:B,0,0,1),"") -> Maquinaria y equipo | D29: Depreciacion Equipos Anio 1 | F29: =+E5/10 -> 98000
A30: 12 | B30: 73 | C30: =IFERROR(_xlfn.XLOOKUP(B30,PUC!A:A,PUC!B:B,0,0,1),"") -> COSTOS INDIRECTOS | D30: Depreciacion Equipos Anio 1 | E30: =+F29 -> 98000
A31: 13 | B31: 240405 | C31: =IFERROR(_xlfn.XLOOKUP(B31,PUC!A:A,PUC!B:B,0,0,1),"") -> Vigencia fiscal corriente | D31: Provision renta | F31: 0
A32: 13 | B32: 540505 | C32: =IFERROR(_xlfn.XLOOKUP(B32,PUC!A:A,PUC!B:B,0,0,1),"") -> Impuesto de renta y complementarios | D32: Provision renta | E32: 0
A35: Entrada | B35: Cuenta | C35: Nombre | D35: Concepto | E35: Debito | F35: Credito | J35: Values
A36: 1 | B36: 413536 | C36: =IFERROR(_xlfn.XLOOKUP(B36,PUC!A:A,PUC!B:B,0,0,1),"") -> Venta de electrodomésticos y muebles | D36: Ventas Anio 2 | F36: =+'10.2 Presupuesto Ingresos'!F32 -> 4.3745087e+08 | H36: Cuenta | I36: Nombre | J36: Sum of Debito | K36: Sum of Credito
A37: 1 | B37: 1110 | C37: =IFERROR(_xlfn.XLOOKUP(B37,PUC!A:A,PUC!B:B,0,0,1),"") -> BANCOS | D37: Ventas Anio 2 | E37: =+F36 -> 4.3745087e+08 | H37: 71 | I37: MATERIA PRIMA | J37: 271336905 | L37: =+J37-K37 -> 271336905
A38: 2 | B38: 240405 | C38: =IFERROR(_xlfn.XLOOKUP(B38,PUC!A:A,PUC!B:B,0,0,1),"") -> Vigencia fiscal corriente | D38: Pago Impto de Renta Anio 1 | E38: =+E32 -> 0 | H38: 72 | I38: MANO DE OBRA DIRECTA | J38: 71804880 | L38: =+J38-K38 -> 71804880
A39: 2 | B39: 1110 | C39: =IFERROR(_xlfn.XLOOKUP(B39,PUC!A:A,PUC!B:B,0,0,1),"") -> BANCOS | D39: Pago Impto de Renta Anio 1 | F39: =+E38 -> 0 | H39: 73 | I39: COSTOS INDIRECTOS | J39: 19835200 | L39: =+J39-K39 -> 19835200 | N39: =+L37+L38+L39+L41+L45+L46+L47+L48+L49+L44 -> -1292798.8
A40: 3 | B40: 71 | C40: =IFERROR(_xlfn.XLOOKUP(B40,PUC!A:A,PUC!B:B,0,0,1),"") -> MATERIA PRIMA | D40: Produccion Anio 2 | E40: =+'9.6 Analisis Costos y Administ'!E74 -> 271336905 | H40: 1110 | I40: BANCOS | J40: 4.3745087e+08 | K40: 435500074 | L40: =+L7+J40-K40 -> 24268457 | N40: =+N39*0.35 -> -452479.58
A41: 3 | B41: 72 | C41: =IFERROR(_xlfn.XLOOKUP(B41,PUC!A:A,PUC!B:B,0,0,1),"") -> MANO DE OBRA DIRECTA | D41: Produccion Anio 2 | E41: =+'9.6 Analisis Costos y Administ'!E75 -> 71804880 | H41: 5105 | I41: GASTOS DE PERSONAL | J41: 58539340 | L41: =+J41-K41 -> 58539340
A42: 3 | B42: 73 | C42: =IFERROR(_xlfn.XLOOKUP(B42,PUC!A:A,PUC!B:B,0,0,1),"") -> COSTOS INDIRECTOS | D42: Produccion Anio 2 | E42: =+'9.6 Analisis Costos y Administ'!E76 -> 19177200 | H42: 159210 | I42: Maquinaria y equipo | K42: 658000 | L42: =L12+J42-K42 -> -1316000
A43: 3 | B43: 1110 | C43: =IFERROR(_xlfn.XLOOKUP(B43,PUC!A:A,PUC!B:B,0,0,1),"") -> BANCOS | D43: Produccion Anio 2 | F43: =SUM(E40:E42) -> 362318985 | H43: 240405 | I43: Vigencia fiscal corriente | J43: 0 | K43: 0 | L43: =+L20+J43-K43 -> 0
A44: 4 | B44: 5105 | C44: =IFERROR(_xlfn.XLOOKUP(B44,PUC!A:A,PUC!B:B,0,0,1),"") -> GASTOS DE PERSONAL | D44: Gastos Admon Anio 2 | E44: =+'9.6 Analisis Costos y Administ'!E111 -> 58539340 | H44: 413536 | I44: Venta de electrodomésticos y muebles | K44: 4.3745087e+08 | L44: =+J44-K44 -> -4.3745087e+08
A45: 4 | B45: 1110 | C45: =IFERROR(_xlfn.XLOOKUP(B45,PUC!A:A,PUC!B:B,0,0,1),"") -> BANCOS | D45: Gastos Admon Anio 2 | F45: =+E44 -> 58539340 | H45: 511030 | I45: Asesoría financiera | J45: 6300000 | L45: =+J45-K45 -> 6300000
A46: 5 | B46: 511030 | C46: =IFERROR(_xlfn.XLOOKUP(B46,PUC!A:A,PUC!B:B,0,0,1),"") -> Asesoría financiera | D46: Gastos Contador Anio 2 | E46: =+'9.6 Analisis Costos y Administ'!E82 -> 6300000 | H46: 513595 | I46: Otros | J46: 31500 | L46: =+J46-K46 -> 31500
A47: 5 | B47: 1110 | C47: =IFERROR(_xlfn.XLOOKUP(B47,PUC!A:A,PUC!B:B,0,0,1),"") -> BANCOS | D47: Gastos Contador Anio 2 | F47: =+E46 -> 6300000 | H47: 514015 | I47: Trámites y licencias | J47: 178500 | L47: =+J47-K47 -> 178500
A48: 6 | B48: 523560 | C48: =IFERROR(_xlfn.XLOOKUP(B48,PUC!A:A,PUC!B:B,0,0,1),"") -> Publicidad, propaganda y promoción | D48: Gastos Publicidad Anio 2 | E48: =+'10.3 Presupuesto Egresos'!D14 -> 6399249 | H48: 523560 | I48: Publicidad, propaganda y promoción | J48: 6399249 | L48: =+J48-K48 -> 6399249
A49: 6 | B49: 1110 | C49: =IFERROR(_xlfn.XLOOKUP(B49,PUC!A:A,PUC!B:B,0,0,1),"") -> BANCOS | D49: Gastos Publicidad Anio 2 | F49: =+E48 -> 6399249 | H49: 530505 | I49: Gastos bancarios | J49: 1732500 | L49: =+J49-K49 -> 1732500
A50: 7 | B50: 530505 | C50: =IFERROR(_xlfn.XLOOKUP(B50,PUC!A:A,PUC!B:B,0,0,1),"") -> Gastos bancarios | D50: Gastos Bancarios Anio 2 | E50: =+'9.6 Analisis Costos y Administ'!E85 -> 1732500 | H50: 540505 | I50: Impuesto de renta y complementarios | J50: 0 | L50: =+J50-K50 -> 0
A51: 7 | B51: 1110 | C51: =IFERROR(_xlfn.XLOOKUP(B51,PUC!A:A,PUC!B:B,0,0,1),"") -> BANCOS | D51: Gastos Bancarios Anio 2 | F51: =+E50 -> 1732500 | H51: Total general | J51: 8.7360895e+08 | K51: 8.7360895e+08
A52: 8 | B52: 514015 | C52: =IFERROR(_xlfn.XLOOKUP(B52,PUC!A:A,PUC!B:B,0,0,1),"") -> Trámites y licencias | D52: Renovacion Camara de comercio Anio 2 | E52: =+'9.6 Analisis Costos y Administ'!E83 -> 178500
A53: 8 | B53: 1110 | C53: =IFERROR(_xlfn.XLOOKUP(B53,PUC!A:A,PUC!B:B,0,0,1),"") -> BANCOS | D53: Renovacion Camara de comercio Anio 2 | F53: =+E52 -> 178500
A54: 9 | B54: 513595 | C54: =IFERROR(_xlfn.XLOOKUP(B54,PUC!A:A,PUC!B:B,0,0,1),"") -> Otros | D54: Recarga de Extintor Anio 2 | E54: =+'9.6 Analisis Costos y Administ'!E84 -> 31500
A55: 9 | B55: 1110 | C55: =IFERROR(_xlfn.XLOOKUP(B55,PUC!A:A,PUC!B:B,0,0,1),"") -> BANCOS | D55: Recarga de Extintor Anio 2 | F55: =+E54 -> 31500
A56: 10 | B56: 159210 | C56: =IFERROR(_xlfn.XLOOKUP(B56,PUC!A:A,PUC!B:B,0,0,1),"") -> Maquinaria y equipo | D56: Depreciacion Maquinaria Anio 2 | F56: 560000
A57: 10 | B57: 73 | C57: =IFERROR(_xlfn.XLOOKUP(B57,PUC!A:A,PUC!B:B,0,0,1),"") -> COSTOS INDIRECTOS | D57: Depreciacion Maquinaria Anio 2 | E57: 560000
A58: 11 | B58: 159210 | C58: =IFERROR(_xlfn.XLOOKUP(B58,PUC!A:A,PUC!B:B,0,0,1),"") -> Maquinaria y equipo | D58: Depreciacion Equipos Anio 2 | F58: 98000
A59: 11 | B59: 73 | C59: =IFERROR(_xlfn.XLOOKUP(B59,PUC!A:A,PUC!B:B,0,0,1),"") -> COSTOS INDIRECTOS | D59: Depreciacion Equipos Anio 2 | E59: 98000
A60: 12 | B60: 240405 | C60: =IFERROR(_xlfn.XLOOKUP(B60,PUC!A:A,PUC!B:B,0,0,1),"") -> Vigencia fiscal corriente | D60: Provision renta Anio 2 | F60: 0
A61: 12 | B61: 540505 | C61: =IFERROR(_xlfn.XLOOKUP(B61,PUC!A:A,PUC!B:B,0,0,1),"") -> Impuesto de renta y complementarios | D61: Provision renta Anio 2 | E61: 0
A64: Entrada | B64: Cuenta | C64: Nombre | D64: Concepto | E64: Debito | F64: Credito | J64: Values
A65: 1 | B65: 413536 | C65: =IFERROR(_xlfn.XLOOKUP(B65,PUC!A:A,PUC!B:B,0,0,1),"") -> Venta de electrodomésticos y muebles | D65: Ventas Anio 3 | F65: =+'10.2 Presupuesto Ingresos'!F40 -> 5.0930332e+08 | H65: Cuenta | I65: Nombre | J65: Sum of Debito | K65: Sum of Credito
A66: 1 | B66: 1110 | C66: =IFERROR(_xlfn.XLOOKUP(B66,PUC!A:A,PUC!B:B,0,0,1),"") -> BANCOS | D66: Ventas Anio 3 | E66: =+F65 -> 5.0930332e+08 | H66: 71 | I66: MATERIA PRIMA | J66: 315975450 | L66: =+J66-K66 -> 315975450
A67: 2 | B67: 240405 | C67: =IFERROR(_xlfn.XLOOKUP(B67,PUC!A:A,PUC!B:B,0,0,1),"") -> Vigencia fiscal corriente | D67: Pago Impto de Renta Anio 2 | E67: =+E61 -> 0 | H67: 72 | I67: MANO DE OBRA DIRECTA | J67: 75395124 | L67: =+J67-K67 -> 75395124
A68: 2 | B68: 1110 | C68: =IFERROR(_xlfn.XLOOKUP(B68,PUC!A:A,PUC!B:B,0,0,1),"") -> BANCOS | D68: Pago Impto de Renta Anio 2 | F68: =+E67 -> 0 | H68: 73 | I68: COSTOS INDIRECTOS | J68: 20794060 | L68: =+J68-K68 -> 20794060
A69: 3 | B69: 71 | C69: =IFERROR(_xlfn.XLOOKUP(B69,PUC!A:A,PUC!B:B,0,0,1),"") -> MATERIA PRIMA | D69: Produccion Anio 3 | E69: =+'9.6 Analisis Costos y Administ'!F74 -> 315975450 | H69: 1110 | I69: BANCOS | J69: 5.0930332e+08 | K69: 4.900303e+08 | L69: =+L40+J69-K69 -> 43541481
A70: 3 | B70: 72 | C70: =IFERROR(_xlfn.XLOOKUP(B70,PUC!A:A,PUC!B:B,0,0,1),"") -> MANO DE OBRA DIRECTA | D70: Produccion Anio 3 | E70: =+'9.6 Analisis Costos y Administ'!F75 -> 75395124 | H70: 5105 | I70: GASTOS DE PERSONAL | J70: 62116128 | L70: =+J70-K70 -> 62116128
A71: 3 | B71: 73 | C71: =IFERROR(_xlfn.XLOOKUP(B71,PUC!A:A,PUC!B:B,0,0,1),"") -> COSTOS INDIRECTOS | D71: Produccion Anio 3 | E71: =+'9.6 Analisis Costos y Administ'!F76 -> 20136060 | H71: 159210 | I71: Maquinaria y equipo | K71: 658000 | L71: =L42+J71-K71 -> -1974000 | N71: =+L66+L67+L68+L70+L73+L74+L75+L76+L77+L78 -> -18615024
A72: 3 | B72: 1110 | C72: =IFERROR(_xlfn.XLOOKUP(B72,PUC!A:A,PUC!B:B,0,0,1),"") -> BANCOS | D72: Produccion Anio 3 | F72: =SUM(E69:E71) -> 411506634 | H72: 240405 | I72: Vigencia fiscal corriente | J72: 0 | K72: 0 | L72: =+L43+J72-K72 -> 0 | N72: =+N71*0.35 -> -6515258.4
A73: 4 | B73: 5105 | C73: =IFERROR(_xlfn.XLOOKUP(B73,PUC!A:A,PUC!B:B,0,0,1),"") -> GASTOS DE PERSONAL | D73: Gastos Admon Anio 3 | E73: =+'9.6 Analisis Costos y Administ'!G101 -> 62116128 | H73: 413536 | I73: Venta de electrodomésticos y muebles | K73: 5.0930332e+08 | L73: =+J73-K73 -> -5.0930332e+08
A74: 4 | B74: 1110 | C74: =IFERROR(_xlfn.XLOOKUP(B74,PUC!A:A,PUC!B:B,0,0,1),"") -> BANCOS | D74: Gastos Admon Anio 3 | F74: =+E73 -> 62116128 | H74: 511030 | I74: Asesoría financiera | J74: 6615000 | L74: =+J74-K74 -> 6615000
A75: 5 | B75: 511030 | C75: =IFERROR(_xlfn.XLOOKUP(B75,PUC!A:A,PUC!B:B,0,0,1),"") -> Asesoría financiera | D75: Gastos Contador Anio 3 | E75: =+'9.6 Analisis Costos y Administ'!F82 -> 6615000 | H75: 513595 | I75: Otros | J75: 33075 | L75: =+J75-K75 -> 33075
A76: 5 | B76: 1110 | C76: =IFERROR(_xlfn.XLOOKUP(B76,PUC!A:A,PUC!B:B,0,0,1),"") -> BANCOS | D76: Gastos Contador Anio 3 | F76: =+E75 -> 6615000 | H76: 514015 | I76: Trámites y licencias | J76: 187425 | L76: =+J76-K76 -> 187425
A77: 6 | B77: 523560 | C77: =IFERROR(_xlfn.XLOOKUP(B77,PUC!A:A,PUC!B:B,0,0,1),"") -> Publicidad, propaganda y promoción | D77: Gastos Publicidad Anio 3 | E77: =+'10.3 Presupuesto Egresos'!E14 -> 7752908 | H77: 523560 | I77: Publicidad, propaganda y promoción | J77: 7752908 | L77: =+J77-K77 -> 7752908
A78: 6 | B78: 1110 | C78: =IFERROR(_xlfn.XLOOKUP(B78,PUC!A:A,PUC!B:B,0,0,1),"") -> BANCOS | D78: Gastos Publicidad Anio 3 | F78: =+E77 -> 7752908 | H78: 530505 | I78: Gastos bancarios | J78: 1819125 | L78: =+J78-K78 -> 1819125
A79: 7 | B79: 530505 | C79: =IFERROR(_xlfn.XLOOKUP(B79,PUC!A:A,PUC!B:B,0,0,1),"") -> Gastos bancarios | D79: Gastos Bancarios Anio 3 | E79: =+'9.6 Analisis Costos y Administ'!F85 -> 1819125 | H79: 540505 | I79: Impuesto de renta y complementarios | J79: 0 | L79: =+J79-K79 -> 0
A80: 7 | B80: 1110 | C80: =IFERROR(_xlfn.XLOOKUP(B80,PUC!A:A,PUC!B:B,0,0,1),"") -> BANCOS | D80: Gastos Bancarios Anio 3 | F80: =+E79 -> 1819125 | H80: Total general | J80: 9.9999162e+08 | K80: 9.9999162e+08
A81: 8 | B81: 514015 | C81: =IFERROR(_xlfn.XLOOKUP(B81,PUC!A:A,PUC!B:B,0,0,1),"") -> Trámites y licencias | D81: Renovacion Camara de comercio Anio 3 | E81: =+'9.6 Analisis Costos y Administ'!F83 -> 187425
A82: 8 | B82: 1110 | C82: =IFERROR(_xlfn.XLOOKUP(B82,PUC!A:A,PUC!B:B,0,0,1),"") -> BANCOS | D82: Renovacion Camara de comercio Anio 3 | F82: =+E81 -> 187425
A83: 9 | B83: 513595 | C83: =IFERROR(_xlfn.XLOOKUP(B83,PUC!A:A,PUC!B:B,0,0,1),"") -> Otros | D83: Recarga de Extintor Anio 3 | E83: =+'9.6 Analisis Costos y Administ'!F84 -> 33075
A84: 9 | B84: 1110 | C84: =IFERROR(_xlfn.XLOOKUP(B84,PUC!A:A,PUC!B:B,0,0,1),"") -> BANCOS | D84: Recarga de Extintor Anio 3 | F84: =+E83 -> 33075
A85: 10 | B85: 159210 | C85: =IFERROR(_xlfn.XLOOKUP(B85,PUC!A:A,PUC!B:B,0,0,1),"") -> Maquinaria y equipo | D85: Depreciacion Maquinaria Anio 3 | F85: 560000
A86: 10 | B86: 73 | C86: =IFERROR(_xlfn.XLOOKUP(B86,PUC!A:A,PUC!B:B,0,0,1),"") -> COSTOS INDIRECTOS | D86: Depreciacion Maquinaria Anio 3 | E86: 560000
A87: 11 | B87: 159210 | C87: =IFERROR(_xlfn.XLOOKUP(B87,PUC!A:A,PUC!B:B,0,0,1),"") -> Maquinaria y equipo | D87: Depreciacion Equipos Anio 3 | F87: 98000
A88: 11 | B88: 73 | C88: =IFERROR(_xlfn.XLOOKUP(B88,PUC!A:A,PUC!B:B,0,0,1),"") -> COSTOS INDIRECTOS | D88: Depreciacion Equipos Anio 3 | E88: 98000
A89: 12 | B89: 240405 | C89: =IFERROR(_xlfn.XLOOKUP(B89,PUC!A:A,PUC!B:B,0,0,1),"") -> Vigencia fiscal corriente | D89: Provision renta Anio 3 | F89: 0
A90: 12 | B90: 540505 | C90: =IFERROR(_xlfn.XLOOKUP(B90,PUC!A:A,PUC!B:B,0,0,1),"") -> Impuesto de renta y complementarios | D90: Provision renta Anio 3 | E90: 0
A93: Entrada | B93: Cuenta | C93: Nombre | D93: Concepto | E93: Debito | F93: Credito | J93: Values
A94: 1 | B94: 413536 | C94: =IFERROR(_xlfn.XLOOKUP(B94,PUC!A:A,PUC!B:B,0,0,1),"") -> Venta de electrodomésticos y muebles | D94: Ventas Anio 4 | F94: =+'10.2 Presupuesto Ingresos'!F48 -> 6.2379152e+08 | H94: Cuenta | I94: Nombre | J94: Sum of Debito | K94: Sum of Credito
A95: 1 | B95: 1110 | C95: =IFERROR(_xlfn.XLOOKUP(B95,PUC!A:A,PUC!B:B,0,0,1),"") -> BANCOS | D95: Ventas Anio 4 | E95: =+F94 -> 6.2379152e+08 | H95: 71 | I95: MATERIA PRIMA | J95: 387008580 | L95: =+J95-K95 -> 387008580
A96: 2 | B96: 240405 | C96: =IFERROR(_xlfn.XLOOKUP(B96,PUC!A:A,PUC!B:B,0,0,1),"") -> Vigencia fiscal corriente | D96: Pago Impto de Renta Anio 3 | E96: =+E90 -> 0 | H96: 72 | I96: MANO DE OBRA DIRECTA | J96: 1.1874732e+08 | L96: =+J96-K96 -> 1.1874732e+08
A97: 2 | B97: 1110 | C97: =IFERROR(_xlfn.XLOOKUP(B97,PUC!A:A,PUC!B:B,0,0,1),"") -> BANCOS | D97: Pago Impto de Renta Anio 3 | F97: =+E96 -> 0 | H97: 73 | I97: COSTOS INDIRECTOS | J97: 21800863 | L97: =+J97-K97 -> 21800863
A98: 3 | B98: 71 | C98: =IFERROR(_xlfn.XLOOKUP(B98,PUC!A:A,PUC!B:B,0,0,1),"") -> MATERIA PRIMA | D98: Produccion Anio 4 | E98: =+'9.6 Analisis Costos y Administ'!G74 -> 387008580 | H98: 1110 | I98: BANCOS | J98: 6.2379152e+08 | K98: 6.1137834e+08 | L98: =+L69+J98-K98 -> 55954664
A99: 3 | B99: 72 | C99: =IFERROR(_xlfn.XLOOKUP(B99,PUC!A:A,PUC!B:B,0,0,1),"") -> MANO DE OBRA DIRECTA | D99: Produccion Anio 4 | E99: =+'9.6 Analisis Costos y Administ'!G75 -> 1.1874732e+08 | H99: 5105 | I99: GASTOS DE PERSONAL | J99: 66379108 | L99: =+J99-K99 -> 66379108
A100: 3 | B100: 73 | C100: =IFERROR(_xlfn.XLOOKUP(B100,PUC!A:A,PUC!B:B,0,0,1),"") -> COSTOS INDIRECTOS | D100: Produccion Anio 4 | E100: =+'9.6 Analisis Costos y Administ'!G76 -> 21142863 | H100: 159210 | I100: Maquinaria y equipo | K100: 658000 | L100: =L71+J100-K100 -> -2632000 | N100: =+L95+L96+L97+L99+L102+L103+L104+L105+L106+L107 -> -11755183
A101: 3 | B101: 1110 | C101: =IFERROR(_xlfn.XLOOKUP(B101,PUC!A:A,PUC!B:B,0,0,1),"") -> BANCOS | D101: Produccion Anio 4 | F101: =SUM(E98:E100) -> 5.2689876e+08 | H101: 240405 | I101: Vigencia fiscal corriente | J101: 0 | K101: 0 | L101: =+L72+J101-K101 -> 0 | N101: =+N100*0.35 -> -4114314
A102: 4 | B102: 5105 | C102: =IFERROR(_xlfn.XLOOKUP(B102,PUC!A:A,PUC!B:B,0,0,1),"") -> GASTOS DE PERSONAL | D102: Gastos Admon Anio 4 | E102: =+'9.6 Analisis Costos y Administ'!G104 -> 66379108 | H102: 413536 | I102: Venta de electrodomésticos y muebles | K102: 6.2379152e+08 | L102: =+J102-K102 -> -6.2379152e+08
A103: 4 | B103: 1110 | C103: =IFERROR(_xlfn.XLOOKUP(B103,PUC!A:A,PUC!B:B,0,0,1),"") -> BANCOS | D103: Gastos Admon Anio 4 | F103: =+E102 -> 66379108 | H103: 511030 | I103: Asesoría financiera | J103: 6945750 | L103: =+J103-K103 -> 6945750
A104: 5 | B104: 511030 | C104: =IFERROR(_xlfn.XLOOKUP(B104,PUC!A:A,PUC!B:B,0,0,1),"") -> Asesoría financiera | D104: Gastos Contador Anio 4 | E104: =+'9.6 Analisis Costos y Administ'!G82 -> 6945750 | H104: 513595 | I104: Otros | J104: 34728.75 | L104: =+J104-K104 -> 34728.75
A105: 5 | B105: 1110 | C105: =IFERROR(_xlfn.XLOOKUP(B105,PUC!A:A,PUC!B:B,0,0,1),"") -> BANCOS | D105: Gastos Contador Anio 4 | F105: =+E104 -> 6945750 | H105: 514015 | I105: Trámites y licencias | J105: 196796.25 | L105: =+J105-K105 -> 196796.25
A106: 6 | B106: 523560 | C106: =IFERROR(_xlfn.XLOOKUP(B106,PUC!A:A,PUC!B:B,0,0,1),"") -> Publicidad, propaganda y promoción | D106: Gastos Publicidad Anio 4 | E106: =+'10.3 Presupuesto Egresos'!F14 -> 9013109 | H106: 523560 | I106: Publicidad, propaganda y promoción | J106: 9013109 | L106: =+J106-K106 -> 9013109
A107: 6 | B107: 1110 | C107: =IFERROR(_xlfn.XLOOKUP(B107,PUC!A:A,PUC!B:B,0,0,1),"") -> BANCOS | D107: Gastos Publicidad Anio 4 | F107: =+E106 -> 9013109 | H107: 530505 | I107: Gastos bancarios | J107: 1910081.2 | L107: =+J107-K107 -> 1910081.2
...

Sheet 11 Analisis de impactos
A1: Nº | B1: Tipo de Impacto | C1: Descripción del Impacto | D1: Magnitud (1-5) | E1: Probabilidad (1-5) | F1: Puntuación | G1: Dirección (Positivo / Negativo) | H1: Gestión / Mejora
A2: 1. | B2: Economico | C2: Riesgo de dependencia del flujo de caja, ya que el modelo de producción bajo pedido limita el capital circulante inmediato. | D2: 4 | E2: 4 | F2: =+D2*E2 -> 16 | G2: Negativo | H2: Solicitar anticipos del 40-50% al cliente, diversificar ingresos (venta de accesorios o muebles estándar), y planificar un fondo de reserva para cubrir costos fijos
C3: Variación en el precio de materias primas (espumas, telas) que afecta los costos de producción | D3: 4 | E3: 4 | F3: =+D3*E3 -> 16 | G3: Negativo | H3: Diversificar proveedores, comprar en volumen y mantener inventarios estratégicos
C4: Mayor competitividad al usar telas PET recicladas | D4: 4 | E4: 5 | F4: =+D4*E4 -> 20 | G4: Positivo | H4: Posicionar la marca como sostenible y moderna, resaltar en marketing
C5: Crecimiento de ingresos por ventas personalizadas (a pedido) | D5: 4 | E5: 4 | F5: =+D5*E5 -> 16 | G5: Positivo | H5: Mantener flexibilidad en diseño y adaptar según tendencias
C6: Aumento en costos de transporte por entregas a domicilio | D6: 3 | E6: 4 | F6: =+D6*E6 -> 12 | G6: Negativo | H6: Optimizar rutas de entrega, programar entregas agrupadas
C7: Posibilidad de expansión del mercado al ofrecer diseños modernos y personalizados | D7: 4 | E7: 4 | F7: =+D7*E7 -> 16 | G7: Positivo | H7: Estrategia de marketing digital, alianzas con tiendas y ferias de hogar
A8: 2. | B8: Social | C8: Generación de empleo | D8: 4 | E8: 5 | F8: =+D8*E8 -> 20 | G8: Positivo | H8: Contratar mano de obra local, capacitar en técnicas modernas
C9: Riesgo de accidentes laborales | D9: 5 | E9: 3 | F9: =+D9*E9 -> 15 | G9: Negativo | H9: Protocolos de seguridad, uso de EPP, capacitaciones
C10: Mejora de la calidad de vida de clientes al ofrecer muebles duraderos y personalizados | D10: 4 | E10: 4 | F10: =+D10*E10 -> 16 | G10: Positivo | H10: Resaltar la resistencia en la propuesta de valor
C11: Creación de identidad cultural al incluir telas PET en los diseños | D11: 5 | E11: 3 | F11: =+D11*E11 -> 15 | G11: Positivo | H11: Promocionar la conexión con tradiciones locales
C12: Riesgo de insatisfacción del cliente si hay retrasos en la entrega | D12: 5 | E12: 3 | F12: =+D12*E12 -> 15 | G12: Negativo | H12: Establecer plazos realistas, informar al cliente de avances, políticas de compensación
C13: Posibles conflictos laborales si no hay condiciones claras de trabajo | D13: 3 | E13: 3 | F13: =+D13*E13 -> 9 | G13: Negativo | H13: Definir contratos justos, horarios claros y fomentar comunicación abierta
A14: 3. | B14: Ambiental | C14: Aprovechamiento de telas PET recicladas reduce residuos plásticos | D14: 5 | E14: 4 | F14: =+D14*E14 -> 20 | G14: Positivo | H14: Comunicar este beneficio en marketing, garantizar trazabilidad del PET
C15: Generación de residuos sólidos (retazos de tela, sobrantes de espuma y madera) | D15: 4 | E15: 5 | F15: =+D15*E15 -> 20 | G15: Negativo | H15: Implementar plan de reciclaje/reuso, convenios con recicladores
C16: Consumo de energía en producción | D16: 3 | E16: 4 | F16: =+D16*E16 -> 12 | G16: Positivo | H16: Migrar a iluminación LED, optimizar uso de maquinaria
C17: Emisiones por transporte de materias primas y entrega de muebles | D17: 3 | E17: 3 | F17: =+D17*E17 -> 9 | G17: Negativo | H17: Optimizar rutas, planificar entregas conjuntas, usar vehículos más eficientes
C18: Uso de productos químicos como pegantes y acabados, que pueden generar emisiones tóxicas y afectar la salud de trabajadores y el ambiente | D18: 4 | E18: 5 | F18: =+D18*E18 -> 20 | G18: Negativo | H18: Implementar el uso de pegantes y acabados de bajo VOC (compuestos orgánicos volátiles), garantizar ventilación adecuada en el taller y proveer equipos de protección personal (EPP)

Sheet PUC
A1: Cuenta | B1: Descripción | C1: Nivel | D1: Naturaleza
A2: 1 | B2: ACTIVO | C2: 1 | D2: D
A3: 11 | B3: DISPONIBLE | C3: 2 | D3: D
A4: 1105 | B4: CAJA | C4: 3 | D4: D
A5: 110505 | B5: Caja general | C5: 4 | D5: D
A6: 110510 | B6: Cajas menores | C6: 4 | D6: D
A7: 110515 | B7: Moneda extranjera | C7: 4 | D7: D
A8: 1110 | B8: BANCOS | C8: 3 | D8: D
A9: 111005 | B9: Moneda nacional | C9: 4 | D9: D
A10: 111010 | B10: Moneda extranjera | C10: 4 | D10: D
A11: 1115 | B11: REMESAS EN TRÁNSITO | C11: 3 | D11: D
A12: 111505 | B12: Moneda nacional | C12: 4 | D12: D
A13: 111510 | B13: Moneda extranjera | C13: 4 | D13: D
... A2504: 96 | B2504: ACREEDORAS DE CONTROL POR CONTRA (DB) | C2504: 2 | D2504: D
